Workbook

Sheet MAESTRO
A1: N° | B1: PRECEDENCIA | C1: FUENTE | D1: TRATAMIENTO | E1: TRIBUNA | F1: NOMBRE COMPLETO | G1: NOMBRE | H1: APE. P. | I1: APE. M. | J1: AST. | K1: CARGO | L1: OBSERVACIONES | M1: TRIBUNA BASE | N1: DISTRIBUYE | O1: SEMAFORO | P1: ASIENTO
A2: =IF(COUNTA(C2:K2)=0,"",ROW()-1) | B2: =IF($F2<>"",$A2,"") | C2: OPA | D2: Su Excelencia | E2: =IF(UPPER($J2)="NO","",$M2) | F2: Kast Rist, José Antonio | G2: José Antonio | H2: Kast | I2: Rist | J2: SI | K2: * Presidente de la República | M2: VIP | N2: =IF(AND(UPPER($M2)="VIP",UPPER($J2)<>"NO",$F2<>""),"SI","NO") | O2: =IF(UPPER($J2)="SI","🟢",IF(UPPER($J2)="NO","🔴","🟡")) | P2: A23
A3: =IF(COUNTA(C3:K3)=0,"",ROW()-1) | B3: =IF($F3<>"",$A3,"") | C3: OPA | D3: Primera Dama | E3: =IF(UPPER($J3)="NO","",$M3) | F3: Adriasola Barroihet, María Pía | G3: María Pía | H3: Adriasola | I3: Barroihet | J3: SI | K3: Esposa del Presidente de la República | M3: VIP | N3: =IF(AND(UPPER($M3)="VIP",UPPER($J3)<>"NO",$F3<>""),"SI","NO") | O3: =IF(UPPER($J3)="SI","🟢",IF(UPPER($J3)="NO","🔴","🟡")) | P3: A22
A4: =IF(COUNTA(C4:K4)=0,"",ROW()-1) | B4: =IF($F4<>"",$A4,"") | C4: OPA | D4: Ministro | E4: =IF(UPPER($J4)="NO","",$M4) | F4: Barros Tocornal, Fernando | G4: Fernando | H4: Barros | I4: Tocornal | J4: SI | K4: *Ministro de Defensa Nacional | M4: VIP | N4: =IF(AND(UPPER($M4)="VIP",UPPER($J4)<>"NO",$F4<>""),"SI","NO") | O4: =IF(UPPER($J4)="SI","🟢",IF(UPPER($J4)="NO","🔴","🟡")) | P4: A24
A5: =IF(COUNTA(C5:K5)=0,"",ROW()-1) | B5: =IF($F5<>"",$A5,"") | C5: OPA | D5: Almirante | E5: =IF(UPPER($J5)="NO","",$M5) | F5: Cabrera Salazar, Fernando | G5: Fernando | H5: Cabrera | I5: Salazar | J5: SI | K5: *Comandante en Jefe de la Armada | M5: VIP | N5: =IF(AND(UPPER($M5)="VIP",UPPER($J5)<>"NO",$F5<>""),"SI","NO") | O5: =IF(UPPER($J5)="SI","🟢",IF(UPPER($J5)="NO","🔴","🟡")) | P5: A21
A6: =IF(COUNTA(C6:K6)=0,"",ROW()-1) | B6: =IF($F6<>"",$A6,"") | C6: OPA | D6: Señora | E6: =IF(UPPER($J6)="NO","",$M6) | F6: Mery, Roxana | G6: Roxana | H6: Mery | I6: Casella | J6: SI | K6: Esposa del Comandante en Jefe de la Armada | M6: VIP | N6: =IF(AND(UPPER($M6)="VIP",UPPER($J6)<>"NO",$F6<>""),"SI","NO") | O6: =IF(UPPER($J6)="SI","🟢",IF(UPPER($J6)="NO","🔴","🟡")) | P6: A25
A7: =IF(COUNTA(C7:K7)=0,"",ROW()-1) | B7: =IF($F7<>"",$A7,"") | C7: OPA | D7: Señora | E7: =IF(UPPER($J7)="NO","",$M7) | F7: Morel Montes, María Cecilia | G7: María Cecilia | H7: Morel | I7: Montes | J7: PENDIENTE | K7: Ex - Primera Dama | M7: VIP | N7: =IF(AND(UPPER($M7)="VIP",UPPER($J7)<>"NO",$F7<>""),"SI","NO") | O7: =IF(UPPER($J7)="SI","🟢",IF(UPPER($J7)="NO","🔴","🟡")) | P7: A20
A8: =IF(COUNTA(C8:K8)=0,"",ROW()-1) | B8: =IF($F8<>"",$A8,"") | C8: OPA | D8: Honorable Senador | E8: =IF(UPPER($J8)="NO","",$M8) | F8: Núñez Urrutia, Paulina | G8: Iván | H8: Moreira | I8: Barros | J8: SI | K8: *Presidenta del Senado (Representante). | M8: VIP | N8: =IF(AND(UPPER($M8)="VIP",UPPER($J8)<>"NO",$F8<>""),"SI","NO") | O8: =IF(UPPER($J8)="SI","🟢",IF(UPPER($J8)="NO","🔴","🟡")) | P8: A26
A9: =IF(COUNTA(C9:K9)=0,"",ROW()-1) | B9: =IF($F9<>"",$A9,"") | C9: OPA | D9: Honorable Diputado | E9: =IF(UPPER($J9)="NO","",$M9) | F9: Alessandri Vergara, Jorge | G9: Jorge | H9: Alessandri | I9: Vergara | J9: NO | K9: Presidente de la Cámara de Diputados | M9: VIP | N9: =IF(AND(UPPER($M9)="VIP",UPPER($J9)<>"NO",$F9<>""),"SI","NO") | O9: =IF(UPPER($J9)="SI","🟢",IF(UPPER($J9)="NO","🔴","🟡"))
A10: =IF(COUNTA(C10:K10)=0,"",ROW()-1) | B10: =IF($F10<>"",$A10,"") | C10: OPA | D10: Su Excelencia | E10: =IF(UPPER($J10)="NO","",$M10) | F10: Boric Font, Gabriel | G10: Gabriel | H10: Boric | I10: Font | J10: PENDIENTE | K10: Ex Presidente de la República | M10: VIP | N10: =IF(AND(UPPER($M10)="VIP",UPPER($J10)<>"NO",$F10<>""),"SI","NO") | O10: =IF(UPPER($J10)="SI","🟢",IF(UPPER($J10)="NO","🔴","🟡")) | P10: A19
A11: =IF(COUNTA(C11:K11)=0,"",ROW()-1) | B11: =IF($F11<>"",$A11,"") | C11: OPA | E11: =IF(UPPER($J11)="NO","",$M11) | F11: Bachelet Jeria, Michelle | G11: Michelle | H11: Bachelet | I11: Jeria | J11: PENDIENTE | K11: Ex Presidenta de la República | M11: VIP | N11: =IF(AND(UPPER($M11)="VIP",UPPER($J11)<>"NO",$F11<>""),"SI","NO") | O11: =IF(UPPER($J11)="SI","🟢",IF(UPPER($J11)="NO","🔴","🟡")) | P11: A27
A12: =IF(COUNTA(C12:K12)=0,"",ROW()-1) | B12: =IF($F12<>"",$A12,"") | C12: OPA | D12: Su Excelencia | E12: =IF(UPPER($J12)="NO","",$M12) | F12: Lagos Escobar, Ricardo | G12: Ricardo | H12: Lagos | I12: Escobar | J12: PENDIENTE | K12: Ex Presidente de la República | M12: VIP | N12: =IF(AND(UPPER($M12)="VIP",UPPER($J12)<>"NO",$F12<>""),"SI","NO") | O12: =IF(UPPER($J12)="SI","🟢",IF(UPPER($J12)="NO","🔴","🟡")) | P12: A18
A13: =IF(COUNTA(C13:K13)=0,"",ROW()-1) | B13: =IF($F13<>"",$A13,"") | C13: OPA | D13: Su Excelencia | E13: =IF(UPPER($J13)="NO","",$M13) | F13: Frei Ruiz-tagle, Eduardo | G13: Eduardo | H13: Frei | I13: Ruiz-tagle | J13: PENDIENTE | K13: Ex Presidente de la República | M13: VIP | N13: =IF(AND(UPPER($M13)="VIP",UPPER($J13)<>"NO",$F13<>""),"SI","NO") | O13: =IF(UPPER($J13)="SI","🟢",IF(UPPER($J13)="NO","🔴","🟡")) | P13: A28
A14: =IF(COUNTA(C14:K14)=0,"",ROW()-1) | B14: =IF($F14<>"",$A14,"") | C14: OPA | D14: Presidente | E14: =IF(UPPER($J14)="NO","",$M14) | F14: Marzi Muñoz, Daniela | G14: Daniela | H14: Marzi | I14: Muñoz | J14: NO | K14: Presidente del Tribunal Constitucional | M14: VIP | N14: =IF(AND(UPPER($M14)="VIP",UPPER($J14)<>"NO",$F14<>""),"SI","NO") | O14: =IF(UPPER($J14)="SI","🟢",IF(UPPER($J14)="NO","🔴","🟡"))
A15: =IF(COUNTA(C15:K15)=0,"",ROW()-1) | B15: =IF($F15<>"",$A15,"") | C15: OPA | D15: Contralora | E15: =IF(UPPER($J15)="NO","",$M15) | F15: Pérez Gutiérrez, Dorothy | G15: Dorothy | H15: Pérez | I15: Gutiérrez | J15: NO | K15: Contralora General de la República | M15: VIP | N15: =IF(AND(UPPER($M15)="VIP",UPPER($J15)<>"NO",$F15<>""),"SI","NO") | O15: =IF(UPPER($J15)="SI","🟢",IF(UPPER($J15)="NO","🔴","🟡"))
A16: =IF(COUNTA(C16:K16)=0,"",ROW()-1) | B16: =IF($F16<>"",$A16,"") | C16: OPA | D16: Fiscal | E16: =IF(UPPER($J16)="NO","",$M16) | F16: Valencia Vásquez, Ángel | G16: Ángel | H16: Valencia | I16: Vásquez | J16: NO | K16: Fiscal Nacional del Ministerio Público | M16: VIP | N16: =IF(AND(UPPER($M16)="VIP",UPPER($J16)<>"NO",$F16<>""),"SI","NO") | O16: =IF(UPPER($J16)="SI","🟢",IF(UPPER($J16)="NO","🔴","🟡"))
A17: =IF(COUNTA(C17:K17)=0,"",ROW()-1) | B17: =IF($F17<>"",$A17,"") | C17: OPA | D17: Ministro | E17: =IF(UPPER($J17)="NO","",$M17) | F17: Alvarado Andrade, Claudio | G17: Claudio | H17: Alvarado | I17: Andrade | J17: PENDIENTE | K17: Biministro del Interior y Secretario General de Gobierno | M17: VIP | N17: =IF(AND(UPPER($M17)="VIP",UPPER($J17)<>"NO",$F17<>""),"SI","NO") | O17: =IF(UPPER($J17)="SI","🟢",IF(UPPER($J17)="NO","🔴","🟡")) | P17: A17
A18: =IF(COUNTA(C18:K18)=0,"",ROW()-1) | B18: =IF($F18<>"",$A18,"") | C18: OPA | D18: Ministro | E18: =IF(UPPER($J18)="NO","",$M18) | F18: Pérez Mackenna, Francisco | G18: Francisco | H18: Pérez | I18: Mackenna | J18: NO | K18: Ministro de Relaciones Exteriores | M18: VIP | N18: =IF(AND(UPPER($M18)="VIP",UPPER($J18)<>"NO",$F18<>""),"SI","NO") | O18: =IF(UPPER($J18)="SI","🟢",IF(UPPER($J18)="NO","🔴","🟡"))
A19: =IF(COUNTA(C19:K19)=0,"",ROW()-1) | B19: =IF($F19<>"",$A19,"") | C19: OPA | D19: Ministro | E19: =IF(UPPER($J19)="NO","",$M19) | F19: Quiroz Castro, Jorge | G19: Jorge | H19: Quiroz | I19: Castro | J19: NO | K19: Ministro de Hacienda | M19: VIP | N19: =IF(AND(UPPER($M19)="VIP",UPPER($J19)<>"NO",$F19<>""),"SI","NO") | O19: =IF(UPPER($J19)="SI","🟢",IF(UPPER($J19)="NO","🔴","🟡"))
A20: =IF(COUNTA(C20:K20)=0,"",ROW()-1) | B20: =IF($F20<>"",$A20,"") | C20: OPA | D20: Ministro | E20: =IF(UPPER($J20)="NO","",$M20) | F20: Mas Valdés, Daniel | G20: Daniel | H20: Mas | I20: Valdés | J20: NO | K20: Biministro de Minería, Economía y Turismo | M20: VIP | N20: =IF(AND(UPPER($M20)="VIP",UPPER($J20)<>"NO",$F20<>""),"SI","NO") | O20: =IF(UPPER($J20)="SI","🟢",IF(UPPER($J20)="NO","🔴","🟡"))
A21: =IF(COUNTA(C21:K21)=0,"",ROW()-1) | B21: =IF($F21<>"",$A21,"") | C21: OPA | D21: Ministro | E21: =IF(UPPER($J21)="NO","",$M21) | F21: Arzola González, María Paz | G21: María Paz | H21: Arzola | I21: González | J21: NO | K21: Ministra de Educación | M21: VIP | N21: =IF(AND(UPPER($M21)="VIP",UPPER($J21)<>"NO",$F21<>""),"SI","NO") | O21: =IF(UPPER($J21)="SI","🟢",IF(UPPER($J21)="NO","🔴","🟡"))
A22: =IF(COUNTA(C22:K22)=0,"",ROW()-1) | B22: =IF($F22<>"",$A22,"") | C22: OPA | D22: Ministro | E22: =IF(UPPER($J22)="NO","",$M22) | F22: De Grange Concha, Louis | G22: Louis | H22: De Grange | I22: Concha | J22: NO | K22: Biministro de Obras Publicas, Transporte y Telecomunicaciones | M22: VIP | N22: =IF(AND(UPPER($M22)="VIP",UPPER($J22)<>"NO",$F22<>""),"SI","NO") | O22: =IF(UPPER($J22)="SI","🟢",IF(UPPER($J22)="NO","🔴","🟡"))
A23: =IF(COUNTA(C23:K23)=0,"",ROW()-1) | B23: =IF($F23<>"",$A23,"") | C23: OPA | D23: Ministro | E23: =IF(UPPER($J23)="NO","",$M23) | F23: Parot Donoso, Catalina | G23: Catalina | H23: Parot | I23: Donoso | J23: PENDIENTE | K23: Ministra de Bienes Nacionales | M23: VIP | N23: =IF(AND(UPPER($M23)="VIP",UPPER($J23)<>"NO",$F23<>""),"SI","NO") | O23: =IF(UPPER($J23)="SI","🟢",IF(UPPER($J23)="NO","🔴","🟡")) | P23: A29
A24: =IF(COUNTA(C24:K24)=0,"",ROW()-1) | B24: =IF($F24<>"",$A24,"") | C24: OPA | D24: Ministro | E24: =IF(UPPER($J24)="NO","",$M24) | F24: Rincón González, Ximena | G24: Ximena | H24: Rincón | I24: González | J24: NO | K24: Ministra de Energía | M24: VIP | N24: =IF(AND(UPPER($M24)="VIP",UPPER($J24)<>"NO",$F24<>""),"SI","NO") | O24: =IF(UPPER($J24)="SI","🟢",IF(UPPER($J24)="NO","🔴","🟡"))
A25: =IF(COUNTA(C25:K25)=0,"",ROW()-1) | B25: =IF($F25<>"",$A25,"") | C25: OPA | D25: Ministro | E25: =IF(UPPER($J25)="NO","",$M25) | F25: Toledo Echegaray, Francisca | G25: Francisca | H25: Toledo | I25: Echegaray | J25: NO | K25: Ministra del Medio Ambiente | M25: VIP | N25: =IF(AND(UPPER($M25)="VIP",UPPER($J25)<>"NO",$F25<>""),"SI","NO") | O25: =IF(UPPER($J25)="SI","🟢",IF(UPPER($J25)="NO","🔴","🟡"))
A26: =IF(COUNTA(C26:K26)=0,"",ROW()-1) | B26: =IF($F26<>"",$A26,"") | C26: OPA | D26: Ministro | E26: =IF(UPPER($J26)="NO","",$M26) | F26: Undurruga Gazitúa, Francisco | G26: Francisco | H26: Undurruga | I26: Gazitúa | J26: PENDIENTE | K26: Ministro de las Culturas, las Artes y el Patrimonio | M26: VIP | N26: =IF(AND(UPPER($M26)="VIP",UPPER($J26)<>"NO",$F26<>""),"SI","NO") | O26: =IF(UPPER($J26)="SI","🟢",IF(UPPER($J26)="NO","🔴","🟡")) | P26: A16
A27: =IF(COUNTA(C27:K27)=0,"",ROW()-1) | B27: =IF($F27<>"",$A27,"") | C27: OPA | D27: Ministro | E27: =IF(UPPER($J27)="NO","",$M27) | F27: Lincolao Gates, Ximena | G27: Ximena | H27: Lincolao | I27: Gates | J27: NO | K27: Ministra de Ciencia, Tecnología, Conocimiento e Innovación | M27: VIP | N27: =IF(AND(UPPER($M27)="VIP",UPPER($J27)<>"NO",$F27<>""),"SI","NO") | O27: =IF(UPPER($J27)="SI","🟢",IF(UPPER($J27)="NO","🔴","🟡"))
A28: =IF(COUNTA(C28:K28)=0,"",ROW()-1) | B28: =IF($F28<>"",$A28,"") | C28: OPA | D28: Ministro | E28: =IF(UPPER($J28)="NO","",$M28) | F28: Burgos Varela, Jorge | G28: Jorge | H28: Burgos | I28: Varela | J28: NO | K28: Ex Ministro de Defensa Nacional | M28: VIP | N28: =IF(AND(UPPER($M28)="VIP",UPPER($J28)<>"NO",$F28<>""),"SI","NO") | O28: =IF(UPPER($J28)="SI","🟢",IF(UPPER($J28)="NO","🔴","🟡"))
A29: =IF(COUNTA(C29:K29)=0,"",ROW()-1) | B29: =IF($F29<>"",$A29,"") | C29: OPA | D29: Ministro | E29: =IF(UPPER($J29)="NO","",$M29) | F29: Fernández Allende, Maya | G29: Maya | H29: Fernández | I29: Allende | J29: PENDIENTE | K29: Ex Ministra de Defensa Nacional | M29: VIP | N29: =IF(AND(UPPER($M29)="VIP",UPPER($J29)<>"NO",$F29<>""),"SI","NO") | O29: =IF(UPPER($J29)="SI","🟢",IF(UPPER($J29)="NO","🔴","🟡")) | P29: A30
A30: =IF(COUNTA(C30:K30)=0,"",ROW()-1) | B30: =IF($F30<>"",$A30,"") | C30: OPA | D30: Ministro | E30: =IF(UPPER($J30)="NO","",$M30) | F30: Delpiano Puelma, Adriana | G30: Adriana | H30: Delpiano | I30: Puelma | J30: PENDIENTE | K30: Ex Ministra de Defensa Nacional | M30: VIP | N30: =IF(AND(UPPER($M30)="VIP",UPPER($J30)<>"NO",$F30<>""),"SI","NO") | O30: =IF(UPPER($J30)="SI","🟢",IF(UPPER($J30)="NO","🔴","🟡")) | P30: A15
A31: =IF(COUNTA(C31:K31)=0,"",ROW()-1) | B31: =IF($F31<>"",$A31,"") | C31: OPA | D31: Excelentísima | E31: =IF(UPPER($J31)="NO","",$M31) | F31: El Ghali, Kenza | G31: Kenza | H31: El Ghali | J31: NO | K31: Embajador de Marruecos | M31: VIP | N31: =IF(AND(UPPER($M31)="VIP",UPPER($J31)<>"NO",$F31<>""),"SI","NO") | O31: =IF(UPPER($J31)="SI","🟢",IF(UPPER($J31)="NO","🔴","🟡"))
A32: =IF(COUNTA(C32:K32)=0,"",ROW()-1) | B32: =IF($F32<>"",$A32,"") | C32: OPA | D32: Excelentísima | E32: =IF(UPPER($J32)="NO","",$M32) | F32: Soares Pacheco, Paulo | G32: Paulo | H32: Soares | I32: Pacheco | J32: NO | K32: Embajador de Brasil en Chile | M32: VIP | N32: =IF(AND(UPPER($M32)="VIP",UPPER($J32)<>"NO",$F32<>""),"SI","NO") | O32: =IF(UPPER($J32)="SI","🟢",IF(UPPER($J32)="NO","🔴","🟡"))
A33: =IF(COUNTA(C33:K33)=0,"",ROW()-1) | B33: =IF($F33<>"",$A33,"") | C33: OPA | D33: Excelentísima | E33: =IF(UPPER($J33)="NO","",$M33) | F33: Qingbao, Niu | G33: Niu | H33: Qingbao | J33: PENDIENTE | K33: Embajador de la República Popular China en Chile | M33: VIP | N33: =IF(AND(UPPER($M33)="VIP",UPPER($J33)<>"NO",$F33<>""),"SI","NO") | O33: =IF(UPPER($J33)="SI","🟢",IF(UPPER($J33)="NO","🔴","🟡")) | P33: A31
A34: =IF(COUNTA(C34:K34)=0,"",ROW()-1) | B34: =IF($F34<>"",$A34,"") | C34: OPA | D34: Excelentísima | E34: =IF(UPPER($J34)="NO","",$M34) | F34: Kotkajarvi, Johanna | G34: Johanna | H34: Kotkajarvi | J34: PENDIENTE | K34: Embajadora de Finlandia en Chile | M34: VIP | N34: =IF(AND(UPPER($M34)="VIP",UPPER($J34)<>"NO",$F34<>""),"SI","NO") | O34: =IF(UPPER($J34)="SI","🟢",IF(UPPER($J34)="NO","🔴","🟡")) | P34: A14
A35: =IF(COUNTA(C35:K35)=0,"",ROW()-1) | B35: =IF($F35<>"",$A35,"") | C35: OPA | D35: Excelentísima | E35: =IF(UPPER($J35)="NO","",$M35) | F35: Biagiotti, Valeria | G35: Valeria | H35: Biagiotti | J35: PENDIENTE | K35: Embajadora de Italia en Chile | M35: VIP | N35: =IF(AND(UPPER($M35)="VIP",UPPER($J35)<>"NO",$F35<>""),"SI","NO") | O35: =IF(UPPER($J35)="SI","🟢",IF(UPPER($J35)="NO","🔴","🟡")) | P35: A32
A36: =IF(COUNTA(C36:K36)=0,"",ROW()-1) | B36: =IF($F36<>"",$A36,"") | C36: OPA | D36: Excelentísima | E36: =IF(UPPER($J36)="NO","",$M36) | F36: Jae Kim, Hak | G36: Hak | H36: Jae Kim | J36: NO | K36: Embajadora de Corea en Chile | M36: VIP | N36: =IF(AND(UPPER($M36)="VIP",UPPER($J36)<>"NO",$F36<>""),"SI","NO") | O36: =IF(UPPER($J36)="SI","🟢",IF(UPPER($J36)="NO","🔴","🟡"))
A37: =IF(COUNTA(C37:K37)=0,"",ROW()-1) | B37: =IF($F37<>"",$A37,"") | C37: OPA | D37: Excelentísima | E37: =IF(UPPER($J37)="NO","",$M37) | F37: Moreno Rodriguez, Laura | G37: Laura | H37: Moreno | I37: Rodriguez | J37: NO | K37: Embajadora de Mexico en Chile | M37: VIP | N37: =IF(AND(UPPER($M37)="VIP",UPPER($J37)<>"NO",$F37<>""),"SI","NO") | O37: =IF(UPPER($J37)="SI","🟢",IF(UPPER($J37)="NO","🔴","🟡"))
A38: =IF(COUNTA(C38:K38)=0,"",ROW()-1) | B38: =IF($F38<>"",$A38,"") | C38: OPA | D38: Excelentísima | E38: =IF(UPPER($J38)="NO","",$M38) | F38: Faurie, Jorge | G38: Jorge | H38: Faurie | J38: NO | K38: Embajador de Argentina en Chile | M38: VIP | N38: =IF(AND(UPPER($M38)="VIP",UPPER($J38)<>"NO",$F38<>""),"SI","NO") | O38: =IF(UPPER($J38)="SI","🟢",IF(UPPER($J38)="NO","🔴","🟡"))
A39: =IF(COUNTA(C39:K39)=0,"",ROW()-1) | B39: =IF($F39<>"",$A39,"") | C39: OPA | D39: Excelentísima | E39: =IF(UPPER($J39)="NO","",$M39) | F39: Barrit Martin, Andrew James | G39: Andrew James | H39: Barrit | I39: Martin | J39: PENDIENTE | K39: Embajador de Australia en Chile | M39: VIP | N39: =IF(AND(UPPER($M39)="VIP",UPPER($J39)<>"NO",$F39<>""),"SI","NO") | O39: =IF(UPPER($J39)="SI","🟢",IF(UPPER($J39)="NO","🔴","🟡")) | P39: A13
A40: =IF(COUNTA(C40:K40)=0,"",ROW()-1) | B40: =IF($F40<>"",$A40,"") | C40: OPA | D40: Excelentísima | E40: =IF(UPPER($J40)="NO","",$M40) | F40: Rogeau, Cyrille | G40: Cyrille | H40: Rogeau | J40: NO | K40: Embajador de Francia en Chile | M40: VIP | N40: =IF(AND(UPPER($M40)="VIP",UPPER($J40)<>"NO",$F40<>""),"SI","NO") | O40: =IF(UPPER($J40)="SI","🟢",IF(UPPER($J40)="NO","🔴","🟡"))
A41: =IF(COUNTA(C41:K41)=0,"",ROW()-1) | B41: =IF($F41<>"",$A41,"") | C41: OPA | D41: Excelentísima | E41: =IF(UPPER($J41)="NO","",$M41) | F41: Courtny, Daniela | G41: Daniela | H41: Rigoli | J41: NO | K41: Embajador de Nueva Zelandia en Chile | M41: VIP | N41: =IF(AND(UPPER($M41)="VIP",UPPER($J41)<>"NO",$F41<>""),"SI","NO") | O41: =IF(UPPER($J41)="SI","🟢",IF(UPPER($J41)="NO","🔴","🟡"))
A42: =IF(COUNTA(C42:K42)=0,"",ROW()-1) | B42: =IF($F42<>"",$A42,"") | C42: OPA | D42: Excelentísima | E42: =IF(UPPER($J42)="NO","",$M42) | F42: Ihsan Kiziltan, Ahmet | G42: Ahmet | H42: Ihsan | I42: Kiziltan | J42: SI | K42: Embajadora de Turquia en Chile | M42: VIP | N42: =IF(AND(UPPER($M42)="VIP",UPPER($J42)<>"NO",$F42<>""),"SI","NO") | O42: =IF(UPPER($J42)="SI","🟢",IF(UPPER($J42)="NO","🔴","🟡")) | P42: A33
A43: =IF(COUNTA(C43:K43)=0,"",ROW()-1) | B43: =IF($F43<>"",$A43,"") | C43: OPA | D43: Excelentísima | E43: =IF(UPPER($J43)="NO","",$M43) | F43: Fries-gaier, Susanne | G43: Susanne | H43: Fries-gaier | J43: NO | K43: Embajadora de Alemania en Chile | M43: VIP | N43: =IF(AND(UPPER($M43)="VIP",UPPER($J43)<>"NO",$F43<>""),"SI","NO") | O43: =IF(UPPER($J43)="SI","🟢",IF(UPPER($J43)="NO","🔴","🟡"))
A44: =IF(COUNTA(C44:K44)=0,"",ROW()-1) | B44: =IF($F44<>"",$A44,"") | C44: OPA | D44: Excelentísima | E44: =IF(UPPER($J44)="NO","",$M44) | F44: Guanumen Parra, Sebastián | G44: Sebastián | H44: Guanumen | I44: Parra | J44: SI | K44: Embajador de Colombia en Chile | M44: VIP | N44: =IF(AND(UPPER($M44)="VIP",UPPER($J44)<>"NO",$F44<>""),"SI","NO") | O44: =IF(UPPER($J44)="SI","🟢",IF(UPPER($J44)="NO","🔴","🟡")) | P44: A12
A45: =IF(COUNTA(C45:K45)=0,"",ROW()-1) | B45: =IF($F45<>"",$A45,"") | C45: OPA | D45: Excelentísima | E45: =IF(UPPER($J45)="NO","",$M45) | F45: Guay Guay, Karolina Linda | G45: Karolina Linda | H45: Guay | I45: Guay | J45: SI | K45: Embajadora de Canadá en Chile | M45: VIP | N45: =IF(AND(UPPER($M45)="VIP",UPPER($J45)<>"NO",$F45<>""),"SI","NO") | O45: =IF(UPPER($J45)="SI","🟢",IF(UPPER($J45)="NO","🔴","🟡")) | P45: A34
A46: =IF(COUNTA(C46:K46)=0,"",ROW()-1) | B46: =IF($F46<>"",$A46,"") | C46: OPA | D46: Excelentísima | E46: =IF(UPPER($J46)="NO","",$M46) | F46: Pollen Nilsen, Per | G46: Per | H46: Pollen | I46: Nilsen | J46: PENDIENTE | K46: Embajador de Noruega en Chile | M46: VIP | N46: =IF(AND(UPPER($M46)="VIP",UPPER($J46)<>"NO",$F46<>""),"SI","NO") | O46: =IF(UPPER($J46)="SI","🟢",IF(UPPER($J46)="NO","🔴","🟡")) | P46: A11
A47: =IF(COUNTA(C47:K47)=0,"",ROW()-1) | B47: =IF($F47<>"",$A47,"") | C47: OPA | D47: Excelentísima | E47: =IF(UPPER($J47)="NO","",$M47) | F47: Rocanova Rodríguez, Ana Inés | G47: Ana Inés | H47: Rocanova | I47: Rodríguez | J47: NO | K47: Embajadora de la República Oriental del Uruguay en Chile | M47: VIP | N47: =IF(AND(UPPER($M47)="VIP",UPPER($J47)<>"NO",$F47<>""),"SI","NO") | O47: =IF(UPPER($J47)="SI","🟢",IF(UPPER($J47)="NO","🔴","🟡"))
A48: =IF(COUNTA(C48:K48)=0,"",ROW()-1) | B48: =IF($F48<>"",$A48,"") | C48: OPA | D48: Excelentísima | E48: =IF(UPPER($J48)="NO","",$M48) | F48: Schaapveld E/v Merks, Elke | G48: Elke | H48: Schaapveld | I48: E/v Merks | J48: SI | K48: Embajadora de los Países Bajos en Chile | M48: VIP | N48: =IF(AND(UPPER($M48)="VIP",UPPER($J48)<>"NO",$F48<>""),"SI","NO") | O48: =IF(UPPER($J48)="SI","🟢",IF(UPPER($J48)="NO","🔴","🟡")) | P48: A35
A49: =IF(COUNTA(C49:K49)=0,"",ROW()-1) | B49: =IF($F49<>"",$A49,"") | C49: OPA | D49: Excelentísima | E49: =IF(UPPER($J49)="NO","",$M49) | F49: Andrade Abdo, Lotty Farah | G49: Lotty Farah | H49: Andrade | I49: Abdo | J49: PENDIENTE | K49: Embajadora de Ecuador en Chile | M49: VIP | N49: =IF(AND(UPPER($M49)="VIP",UPPER($J49)<>"NO",$F49<>""),"SI","NO") | O49: =IF(UPPER($J49)="SI","🟢",IF(UPPER($J49)="NO","🔴","🟡")) | P49: A10
A50: =IF(COUNTA(C50:K50)=0,"",ROW()-1) | B50: =IF($F50<>"",$A50,"") | C50: OPA | D50: Excelentísima | E50: =IF(UPPER($J50)="NO","",$M50) | F50: Camino Cannock, Peter | G50: Peter | H50: Camino | I50: Cannock | J50: NO | K50: Embajador de Perú en Chile | M50: VIP | N50: =IF(AND(UPPER($M50)="VIP",UPPER($J50)<>"NO",$F50<>""),"SI","NO") | O50: =IF(UPPER($J50)="SI","🟢",IF(UPPER($J50)="NO","🔴","🟡"))
A51: =IF(COUNTA(C51:K51)=0,"",ROW()-1) | B51: =IF($F51<>"",$A51,"") | C51: OPA | D51: Excelentísima | E51: =IF(UPPER($J51)="NO","",$M51) | F51: Oroz Ulibarri, Laura | G51: Laura | H51: Oroz | I51: Ulibarri | J51: SI | K51: Embajadora de España en Chile | M51: VIP | N51: =IF(AND(UPPER($M51)="VIP",UPPER($J51)<>"NO",$F51<>""),"SI","NO") | O51: =IF(UPPER($J51)="SI","🟢",IF(UPPER($J51)="NO","🔴","🟡")) | P51: A36
A52: =IF(COUNTA(C52:K52)=0,"",ROW()-1) | B52: =IF($F52<>"",$A52,"") | C52: OPA | D52: Excelentísima | E52: =IF(UPPER($J52)="NO","",$M52) | F52: Sone, Kenko | G52: Sone | H52: Kenko | J52: SI | K52: Embajadora de Japón en Chile | M52: VIP | N52: =IF(AND(UPPER($M52)="VIP",UPPER($J52)<>"NO",$F52<>""),"SI","NO") | O52: =IF(UPPER($J52)="SI","🟢",IF(UPPER($J52)="NO","🔴","🟡")) | P52: A9
A53: =IF(COUNTA(C53:K53)=0,"",ROW()-1) | B53: =IF($F53<>"",$A53,"") | C53: OPA | D53: Excelentísima | E53: =IF(UPPER($J53)="NO","",$M53) | F53: Wiklund, Tomás | G53: Eva Sofia | H53: Karlberg | J53: NO | K53: Embajador del Reino de Suecia en Chile | M53: VIP | N53: =IF(AND(UPPER($M53)="VIP",UPPER($J53)<>"NO",$F53<>""),"SI","NO") | O53: =IF(UPPER($J53)="SI","🟢",IF(UPPER($J53)="NO","🔴","🟡"))
A54: =IF(COUNTA(C54:K54)=0,"",ROW()-1) | B54: =IF($F54<>"",$A54,"") | C54: OPA | D54: Excelentísima | E54: =IF(UPPER($J54)="NO","",$M54) | F54: Judd, Brandon | G54: Brandon | H54: Judd | J54: NO | K54: Embajador de Estados Unidos de América en Chile | M54: VIP | N54: =IF(AND(UPPER($M54)="VIP",UPPER($J54)<>"NO",$F54<>""),"SI","NO") | O54: =IF(UPPER($J54)="SI","🟢",IF(UPPER($J54)="NO","🔴","🟡"))
A55: =IF(COUNTA(C55:K55)=0,"",ROW()-1) | B55: =IF($F55<>"",$A55,"") | C55: OPA | D55: Excelentísima | E55: =IF(UPPER($J55)="NO","",$M55) | F55: Lewi, Peleg | G55: Peleg | H55: Lewi | J55: SI | K55: Embajadora de Israel en Chile | M55: VIP | N55: =IF(AND(UPPER($M55)="VIP",UPPER($J55)<>"NO",$F55<>""),"SI","NO") | O55: =IF(UPPER($J55)="SI","🟢",IF(UPPER($J55)="NO","🔴","🟡")) | P55: A37
A56: =IF(COUNTA(C56:K56)=0,"",ROW()-1) | B56: =IF($F56<>"",$A56,"") | C56: OPA | D56: Excelentísima | E56: =IF(UPPER($J56)="NO","",$M56) | F56: Concar, David | G56: David | H56: Concar | J56: NO | K56: Embajador del Reino Unido de Gran Bretaña e Irlanda del Norte en Chile | M56: VIP | N56: =IF(AND(UPPER($M56)="VIP",UPPER($J56)<>"NO",$F56<>""),"SI","NO") | O56: =IF(UPPER($J56)="SI","🟢",IF(UPPER($J56)="NO","🔴","🟡"))
A57: =IF(COUNTA(C57:K57)=0,"",ROW()-1) | B57: =IF($F57<>"",$A57,"") | C57: OPA | D57: Almirante | E57: =IF(UPPER($J57)="NO","",$M57) | F57: Larrañaga Martin, Enrique | G57: Enrique | H57: Larrañaga | I57: Martin | J57: NO | K57: Ex - Comandante en Jefe de la Armada | M57: VIP | N57: =IF(AND(UPPER($M57)="VIP",UPPER($J57)<>"NO",$F57<>""),"SI","NO") | O57: =IF(UPPER($J57)="SI","🟢",IF(UPPER($J57)="NO","🔴","🟡"))
A58: =IF(COUNTA(C58:K58)=0,"",ROW()-1) | B58: =IF($F58<>"",$A58,"") | C58: OPA | D58: Almirante | E58: =IF(UPPER($J58)="NO","",$M58) | F58: Leiva Molina, Julio | G58: Julio | H58: Leiva | I58: Molina | J58: SI | K58: Ex - Comandante en Jefe de la Armada | M58: VIP | N58: =IF(AND(UPPER($M58)="VIP",UPPER($J58)<>"NO",$F58<>""),"SI","NO") | O58: =IF(UPPER($J58)="SI","🟢",IF(UPPER($J58)="NO","🔴","🟡")) | P58: A8
A59: =IF(COUNTA(C59:K59)=0,"",ROW()-1) | B59: =IF($F59<>"",$A59,"") | C59: OPA | D59: General | E59: =IF(UPPER($J59)="NO","",$M59) | F59: Varela Sabando, Pedro | G59: Pedro | H59: Varela | I59: Sabando | J59: SI | K59: *Comandante en Jefe del Ejército | M59: VIP | N59: =IF(AND(UPPER($M59)="VIP",UPPER($J59)<>"NO",$F59<>""),"SI","NO") | O59: =IF(UPPER($J59)="SI","🟢",IF(UPPER($J59)="NO","🔴","🟡")) | P59: A38
A60: =IF(COUNTA(C60:K60)=0,"",ROW()-1) | B60: =IF($F60<>"",$A60,"") | C60: OPA | D60: General | E60: =IF(UPPER($J60)="NO","",$M60) | F60: Rodríguez González, Hugo | G60: Miguel | H60: Stange | I60: Muñoz | J60: SI | K60: *Comandante en Jefe de la Fuerza Aérea de Chile (S) | M60: VIP | N60: =IF(AND(UPPER($M60)="VIP",UPPER($J60)<>"NO",$F60<>""),"SI","NO") | O60: =IF(UPPER($J60)="SI","🟢",IF(UPPER($J60)="NO","🔴","🟡")) | P60: A7
A61: =IF(COUNTA(C61:K61)=0,"",ROW()-1) | B61: =IF($F61<>"",$A61,"") | C61: OPA | D61: General Director | E61: =IF(UPPER($J61)="NO","",$M61) | F61: Araya Zapata, Marcelo | G61: Marcelo | H61: Araya | I61: Zapata | J61: SI | K61: *General Director de Carabineros de Chile | M61: VIP | N61: =IF(AND(UPPER($M61)="VIP",UPPER($J61)<>"NO",$F61<>""),"SI","NO") | O61: =IF(UPPER($J61)="SI","🟢",IF(UPPER($J61)="NO","🔴","🟡")) | P61: A39
A62: =IF(COUNTA(C62:K62)=0,"",ROW()-1) | B62: =IF($F62<>"",$A62,"") | C62: OPA | D62: Director General | E62: =IF(UPPER($J62)="NO","",$M62) | F62: Cerna Lozano, Eduardo | G62: Eduardo | H62: Cerna | I62: Lozano | J62: PENDIENTE | K62: *Director General de la Policía de Investigaciones de Chile | M62: VIP | N62: =IF(AND(UPPER($M62)="VIP",UPPER($J62)<>"NO",$F62<>""),"SI","NO") | O62: =IF(UPPER($J62)="SI","🟢",IF(UPPER($J62)="NO","🔴","🟡")) | P62: A6
A63: =IF(COUNTA(C63:K63)=0,"",ROW()-1) | B63: =IF($F63<>"",$A63,"") | C63: OPA | D63: Almirante | E63: =IF(UPPER($J63)="NO","",$M63) | F63: Arancibia Reyes, Jorge Patricio | G63: Jorge Patricio | H63: Arancibia | I63: Reyes | J63: NO | K63: Ex - Comandante en Jefe de la Armada | M63: VIP | N63: =IF(AND(UPPER($M63)="VIP",UPPER($J63)<>"NO",$F63<>""),"SI","NO") | O63: =IF(UPPER($J63)="SI","🟢",IF(UPPER($J63)="NO","🔴","🟡"))
A64: =IF(COUNTA(C64:K64)=0,"",ROW()-1) | B64: =IF($F64<>"",$A64,"") | C64: OPA | D64: Almirante | E64: =IF(UPPER($J64)="NO","",$M64) | F64: Vergara Villalobos, Miguel Ángel | G64: Miguel Ángel | H64: Vergara | I64: Villalobos | J64: NO | K64: Ex - Comandante en Jefe de la Armada | M64: VIP | N64: =IF(AND(UPPER($M64)="VIP",UPPER($J64)<>"NO",$F64<>""),"SI","NO") | O64: =IF(UPPER($J64)="SI","🟢",IF(UPPER($J64)="NO","🔴","🟡"))
A65: =IF(COUNTA(C65:K65)=0,"",ROW()-1) | B65: =IF($F65<>"",$A65,"") | C65: OPA | D65: Almirante | E65: =IF(UPPER($J65)="NO","",$M65) | F65: Codina Díaz, Rodolfo | G65: Rodolfo | H65: Codina | I65: Díaz | J65: PENDIENTE | K65: Ex - Comandante en Jefe de la Armada | M65: VIP | N65: =IF(AND(UPPER($M65)="VIP",UPPER($J65)<>"NO",$F65<>""),"SI","NO") | O65: =IF(UPPER($J65)="SI","🟢",IF(UPPER($J65)="NO","🔴","🟡")) | P65: A40
A66: =IF(COUNTA(C66:K66)=0,"",ROW()-1) | B66: =IF($F66<>"",$A66,"") | C66: OPA | D66: Almirante | E66: =IF(UPPER($J66)="NO","",$M66) | F66: González Robles, Edmundo | G66: Edmundo | H66: González | I66: Robles | J66: NO | K66: Ex - Comandante en Jefe de la Armada | M66: VIP | N66: =IF(AND(UPPER($M66)="VIP",UPPER($J66)<>"NO",$F66<>""),"SI","NO") | O66: =IF(UPPER($J66)="SI","🟢",IF(UPPER($J66)="NO","🔴","🟡"))
A67: =IF(COUNTA(C67:K67)=0,"",ROW()-1) | B67: =IF($F67<>"",$A67,"") | C67: OPA | D67: Señora | E67: =IF(UPPER($J67)="NO","",$M67) | F67: Larrañaga Martin, Marcela | G67: Marcela | H67: Larrañaga | I67: Martin | J67: SI | K67: Madrina | M67: VIP | N67: =IF(AND(UPPER($M67)="VIP",UPPER($J67)<>"NO",$F67<>""),"SI","NO") | O67: =IF(UPPER($J67)="SI","🟢",IF(UPPER($J67)="NO","🔴","🟡")) | P67: A5
A68: =IF(COUNTA(C68:K68)=0,"",ROW()-1) | B68: =IF($F68<>"",$A68,"") | C68: OPA | D68: Almirante | E68: =IF(UPPER($J68)="NO","",$M68) | F68: De la Maza Larraín, Juan Andrés | G68: Juan Andrés | H68: De la Maza | I68: Larraín | J68: NO | K68: Ex - Comandante en Jefe de la Armada | M68: VIP | N68: =IF(AND(UPPER($M68)="VIP",UPPER($J68)<>"NO",$F68<>""),"SI","NO") | O68: =IF(UPPER($J68)="SI","🟢",IF(UPPER($J68)="NO","🔴","🟡"))
A69: =IF(COUNTA(C69:K69)=0,"",ROW()-1) | B69: =IF($F69<>"",$A69,"") | C69: OPA | D69: General | E69: =IF(UPPER($J69)="NO","",$M69) | F69: Romanini Gutiérrez, Leonardo | G69: Leonardo | H69: Romanini | I69: Gutiérrez | J69: SI | K69: Jefe del Estado Mayor Conjunto de las Fuerzas Armadas | M69: VIP | N69: =IF(AND(UPPER($M69)="VIP",UPPER($J69)<>"NO",$F69<>""),"SI","NO") | O69: =IF(UPPER($J69)="SI","🟢",IF(UPPER($J69)="NO","🔴","🟡")) | P69: A41
A70: =IF(COUNTA(C70:K70)=0,"",ROW()-1) | B70: =IF($F70<>"",$A70,"") | C70: OPA | D70: Gobernador | E70: =IF(UPPER($J70)="NO","",$M70) | F70: Giacaman García, Sergio | G70: Sergio | H70: Giacaman | I70: García | J70: SI | K70: Gobernador Región Bio Bio | M70: VIP | N70: =IF(AND(UPPER($M70)="VIP",UPPER($J70)<>"NO",$F70<>""),"SI","NO") | O70: =IF(UPPER($J70)="SI","🟢",IF(UPPER($J70)="NO","🔴","🟡")) | P70: A4
A71: =IF(COUNTA(C71:K71)=0,"",ROW()-1) | B71: =IF($F71<>"",$A71,"") | C71: OPA | D71: Gobernador | E71: =IF(UPPER($J71)="NO","",$M71) | F71: Flies Añon, Jorge | G71: Jorge | H71: Flies | I71: Añon | J71: SI | K71: Gobernador Región de Magallanes | M71: VIP | N71: =IF(AND(UPPER($M71)="VIP",UPPER($J71)<>"NO",$F71<>""),"SI","NO") | O71: =IF(UPPER($J71)="SI","🟢",IF(UPPER($J71)="NO","🔴","🟡")) | P71: A42
A72: =IF(COUNTA(C72:K72)=0,"",ROW()-1) | B72: =IF($F72<>"",$A72,"") | C72: OPA | D72: Delegado Presidencial | E72: =IF(UPPER($J72)="NO","",$M72) | F72: Anativia Zamora, Julio | G72: Julio | H72: Anativia | I72: Zamora | J72: SI | K72: Delegado Presidencial Región de Bio Bio | M72: VIP | N72: =IF(AND(UPPER($M72)="VIP",UPPER($J72)<>"NO",$F72<>""),"SI","NO") | O72: =IF(UPPER($J72)="SI","🟢",IF(UPPER($J72)="NO","🔴","🟡")) | P72: A3
A73: =IF(COUNTA(C73:K73)=0,"",ROW()-1) | B73: =IF($F73<>"",$A73,"") | C73: OPA | D73: Honorable Senador | E73: =IF(UPPER($J73)="NO","",$M73) | F73: Huenchumilla Jaramillo, Francisco | G73: Francisco | H73: Huenchumilla | I73: Jaramillo | J73: NO | K73: Presidente Comisión de Defensa Nacional Cir. 11 | M73: VIP | N73: =IF(AND(UPPER($M73)="VIP",UPPER($J73)<>"NO",$F73<>""),"SI","NO") | O73: =IF(UPPER($J73)="SI","🟢",IF(UPPER($J73)="NO","🔴","🟡"))
A74: =IF(COUNTA(C74:K74)=0,"",ROW()-1) | B74: =IF($F74<>"",$A74,"") | C74: OPA | D74: Honorable Senador | E74: =IF(UPPER($J74)="NO","",$M74) | F74: Araya Guerrero, Pedro | G74: Pedro | H74: Araya | I74: Guerrero | J74: PENDIENTE | K74: Comisión de Defensa Nacional | M74: VIP | N74: =IF(AND(UPPER($M74)="VIP",UPPER($J74)<>"NO",$F74<>""),"SI","NO") | O74: =IF(UPPER($J74)="SI","🟢",IF(UPPER($J74)="NO","🔴","🟡")) | P74: A43
A75: =IF(COUNTA(C75:K75)=0,"",ROW()-1) | B75: =IF($F75<>"",$A75,"") | C75: OPA | D75: Honorable Senador | E75: =IF(UPPER($J75)="NO","",$M75) | F75: Flores Oporto, Camila | G75: Camila | H75: Flores | I75: Oporto | J75: PENDIENTE | K75: Comisión de Defensa Nacional | M75: VIP | N75: =IF(AND(UPPER($M75)="VIP",UPPER($J75)<>"NO",$F75<>""),"SI","NO") | O75: =IF(UPPER($J75)="SI","🟢",IF(UPPER($J75)="NO","🔴","🟡")) | P75: A2
A76: =IF(COUNTA(C76:K76)=0,"",ROW()-1) | B76: =IF($F76<>"",$A76,"") | C76: OPA | D76: Honorable Senador | E76: =IF(UPPER($J76)="NO","",$M76) | F76: Saavedra Chandía, Gastón | G76: Gastón | H76: Saavedra | I76: Chandía | J76: SI | K76: Comisión de Defensa Nacional | M76: VIP | N76: =IF(AND(UPPER($M76)="VIP",UPPER($J76)<>"NO",$F76<>""),"SI","NO") | O76: =IF(UPPER($J76)="SI","🟢",IF(UPPER($J76)="NO","🔴","🟡")) | P76: A44
A77: =IF(COUNTA(C77:K77)=0,"",ROW()-1) | B77: =IF($F77<>"",$A77,"") | C77: OPA | D77: Honorable Senador | E77: =IF(UPPER($J77)="NO","",$M77) | F77: Vial Maceratta, Cristián | G77: Cristián | H77: Vial | I77: Maceratta | J77: NO | K77: Comisión de Defensa Nacional | M77: VIP | N77: =IF(AND(UPPER($M77)="VIP",UPPER($J77)<>"NO",$F77<>""),"SI","NO") | O77: =IF(UPPER($J77)="SI","🟢",IF(UPPER($J77)="NO","🔴","🟡"))
A78: =IF(COUNTA(C78:K78)=0,"",ROW()-1) | B78: =IF($F78<>"",$A78,"") | C78: OPA | D78: Honorable Senador | E78: =IF(UPPER($J78)="NO","",$M78) | F78: Edwards Silva, Rojo | G78: Rojo | H78: Edwards | I78: Silva | J78: NO | K78: Presidente de la Comisión de Desafíos del Futuro, Ciencia, Tecnología e Innovación | M78: VIP | N78: =IF(AND(UPPER($M78)="VIP",UPPER($J78)<>"NO",$F78<>""),"SI","NO") | O78: =IF(UPPER($J78)="SI","🟢",IF(UPPER($J78)="NO","🔴","🟡"))
A79: =IF(COUNTA(C79:K79)=0,"",ROW()-1) | B79: =IF($F79<>"",$A79,"") | C79: OPA | D79: Honorable Senador | E79: =IF(UPPER($J79)="NO","",$M79) | F79: Celis Araya, Ricardo | G79: Ricardo | H79: Celis | I79: Araya | J79: NO | K79: Comisión de Desafíos del Futuro, Ciencia, Tecnología e Innovación | M79: VIP | N79: =IF(AND(UPPER($M79)="VIP",UPPER($J79)<>"NO",$F79<>""),"SI","NO") | O79: =IF(UPPER($J79)="SI","🟢",IF(UPPER($J79)="NO","🔴","🟡"))
A80: =IF(COUNTA(C80:K80)=0,"",ROW()-1) | B80: =IF($F80<>"",$A80,"") | C80: OPA | D80: Honorable Senador | E80: =IF(UPPER($J80)="NO","",$M80) | F80: Cicardini Milla, Daniella | G80: Daniella | H80: Cicardini | I80: Milla | J80: NO | K80: Comisión de Desafíos del Futuro, Ciencia, Tecnología e Innovación | M80: VIP | N80: =IF(AND(UPPER($M80)="VIP",UPPER($J80)<>"NO",$F80<>""),"SI","NO") | O80: =IF(UPPER($J80)="SI","🟢",IF(UPPER($J80)="NO","🔴","🟡"))
A81: =IF(COUNTA(C81:K81)=0,"",ROW()-1) | B81: =IF($F81<>"",$A81,"") | C81: OPA | D81: Honorable Senador | E81: =IF(UPPER($J81)="NO","",$M81) | F81: Cruz-coke Carvallo, Luciano | G81: Luciano | H81: Cruz-coke | I81: Carvallo | J81: NO | K81: Comisión de Desafíos del Futuro, Ciencia, Tecnología e Innovación | M81: VIP | N81: =IF(AND(UPPER($M81)="VIP",UPPER($J81)<>"NO",$F81<>""),"SI","NO") | O81: =IF(UPPER($J81)="SI","🟢",IF(UPPER($J81)="NO","🔴","🟡"))
A82: =IF(COUNTA(C82:K82)=0,"",ROW()-1) | B82: =IF($F82<>"",$A82,"") | C82: OPA | D82: Honorable Senador | E82: =IF(UPPER($J82)="NO","",$M82) | F82: Ossandón Irarrázabal, Manuel José | G82: Manuel José | H82: Ossandón | I82: Irarrázabal | J82: NO | K82: Comisión de Desafíos del Futuro, Ciencia, Tecnología e Innovación | M82: VIP | N82: =IF(AND(UPPER($M82)="VIP",UPPER($J82)<>"NO",$F82<>""),"SI","NO") | O82: =IF(UPPER($J82)="SI","🟢",IF(UPPER($J82)="NO","🔴","🟡"))
A83: =IF(COUNTA(C83:K83)=0,"",ROW()-1) | B83: =IF($F83<>"",$A83,"") | C83: OPA | D83: Honorable Senador | E83: =IF(UPPER($J83)="NO","",$M83) | F83: Keitel Bianchi, Sebastián | G83: Sebastián | H83: Keitel | I83: Bianchi | J83: PENDIENTE | K83: Circunscripción 10 Región Biobío | M83: VIP | N83: =IF(AND(UPPER($M83)="VIP",UPPER($J83)<>"NO",$F83<>""),"SI","NO") | O83: =IF(UPPER($J83)="SI","🟢",IF(UPPER($J83)="NO","🔴","🟡")) | P83: A1
A84: =IF(COUNTA(C84:K84)=0,"",ROW()-1) | B84: =IF($F84<>"",$A84,"") | C84: OPA | D84: Honorable Senador | E84: =IF(UPPER($J84)="NO","",$M84) | F84: Van Rysselberghe Herrera, Enrique | G84: Enrique | H84: Van Rysselberghe | I84: Herrera | J84: SI | K84: Circunscripción 10 Región Biobío | M84: VIP | N84: =IF(AND(UPPER($M84)="VIP",UPPER($J84)<>"NO",$F84<>""),"SI","NO") | O84: =IF(UPPER($J84)="SI","🟢",IF(UPPER($J84)="NO","🔴","🟡")) | P84: A45
A85: =IF(COUNTA(C85:K85)=0,"",ROW()-1) | B85: =IF($F85<>"",$A85,"") | C85: OPA | D85: Honorable Senador | E85: =IF(UPPER($J85)="NO","",$M85) | F85: De Urresti Longton, Alfonso | G85: Alfonso | H85: De Urresti | I85: Longton | J85: SI | K85: Senador de la República | M85: VIP | N85: =IF(AND(UPPER($M85)="VIP",UPPER($J85)<>"NO",$F85<>""),"SI","NO") | O85: =IF(UPPER($J85)="SI","🟢",IF(UPPER($J85)="NO","🔴","🟡")) | P85: B23
A86: =IF(COUNTA(C86:K86)=0,"",ROW()-1) | B86: =IF($F86<>"",$A86,"") | C86: OPA | D86: Honorable Senador | E86: =IF(UPPER($J86)="NO","",$M86) | F86: Sanhueza Dueñas, Gustavo | G86: Gustavo | H86: Sanhueza | I86: Dueñas | J86: PENDIENTE | K86: Circunsripción Zona Ñuble | M86: VIP | N86: =IF(AND(UPPER($M86)="VIP",UPPER($J86)<>"NO",$F86<>""),"SI","NO") | O86: =IF(UPPER($J86)="SI","🟢",IF(UPPER($J86)="NO","🔴","🟡")) | P86: B22
A87: =IF(COUNTA(C87:K87)=0,"",ROW()-1) | B87: =IF($F87<>"",$A87,"") | C87: OPA | D87: Honorable Senador | E87: =IF(UPPER($J87)="NO","",$M87) | F87: Carvajal Ambiado, Loreto | G87: Loreto | H87: Carvajal | I87: Ambiado | J87: SI | K87: Circunsripción Zona Ñuble | M87: VIP | N87: =IF(AND(UPPER($M87)="VIP",UPPER($J87)<>"NO",$F87<>""),"SI","NO") | O87: =IF(UPPER($J87)="SI","🟢",IF(UPPER($J87)="NO","🔴","🟡")) | P87: B24
A88: =IF(COUNTA(C88:K88)=0,"",ROW()-1) | B88: =IF($F88<>"",$A88,"") | C88: OPA | D88: Honorable Diputado | E88: =IF(UPPER($J88)="NO","",$M88) | F88: Carter Fernández, Álvaro | G88: Álvaro | H88: Carter | I88: Fernández | J88: SI | K88: Presidente de la Comisión de Defensa Nacional | M88: VIP | N88: =IF(AND(UPPER($M88)="VIP",UPPER($J88)<>"NO",$F88<>""),"SI","NO") | O88: =IF(UPPER($J88)="SI","🟢",IF(UPPER($J88)="NO","🔴","🟡")) | P88: B21
A89: =IF(COUNTA(C89:K89)=0,"",ROW()-1) | B89: =IF($F89<>"",$A89,"") | C89: OPA | D89: Honorable Diputado | E89: =IF(UPPER($J89)="NO","",$M89) | F89: Barraza Gómez, Marcos | G89: Marcos | H89: Barraza | I89: Gómez | J89: PENDIENTE | K89: Integrante de la Comisión de Defensa Nacional | M89: VIP | N89: =IF(AND(UPPER($M89)="VIP",UPPER($J89)<>"NO",$F89<>""),"SI","NO") | O89: =IF(UPPER($J89)="SI","🟢",IF(UPPER($J89)="NO","🔴","🟡")) | P89: B25
A90: =IF(COUNTA(C90:K90)=0,"",ROW()-1) | B90: =IF($F90<>"",$A90,"") | C90: OPA | D90: Honorable Diputado | E90: =IF(UPPER($J90)="NO","",$M90) | F90: Bassa Mercado, Jaime | G90: Jaime | H90: Bassa | I90: Mercado | J90: NO | K90: Integrante de la Comisión de Defensa Nacional | M90: VIP | N90: =IF(AND(UPPER($M90)="VIP",UPPER($J90)<>"NO",$F90<>""),"SI","NO") | O90: =IF(UPPER($J90)="SI","🟢",IF(UPPER($J90)="NO","🔴","🟡"))
A91: =IF(COUNTA(C91:K91)=0,"",ROW()-1) | B91: =IF($F91<>"",$A91,"") | C91: OPA | D91: Honorable Diputado | E91: =IF(UPPER($J91)="NO","",$M91) | F91: Brito Hasbún, Jorge | G91: Jorge | H91: Brito | I91: Hasbún | J91: PENDIENTE | K91: Integrante de la Comisión de Defensa Nacional | M91: VIP | N91: =IF(AND(UPPER($M91)="VIP",UPPER($J91)<>"NO",$F91<>""),"SI","NO") | O91: =IF(UPPER($J91)="SI","🟢",IF(UPPER($J91)="NO","🔴","🟡")) | P91: B20
A92: =IF(COUNTA(C92:K92)=0,"",ROW()-1) | B92: =IF($F92<>"",$A92,"") | C92: OPA | D92: Honorable Diputado | E92: =IF(UPPER($J92)="NO","",$M92) | F92: Cuadrado Prats, Carlos | G92: Carlos | H92: Cuadrado | I92: Prats | J92: PENDIENTE | K92: Integrante de la Comisión de Defensa Nacional | M92: VIP | N92: =IF(AND(UPPER($M92)="VIP",UPPER($J92)<>"NO",$F92<>""),"SI","NO") | O92: =IF(UPPER($J92)="SI","🟢",IF(UPPER($J92)="NO","🔴","🟡")) | P92: B26
A93: =IF(COUNTA(C93:K93)=0,"",ROW()-1) | B93: =IF($F93<>"",$A93,"") | C93: OPA | D93: Honorable Diputado | E93: =IF(UPPER($J93)="NO","",$M93) | F93: Kast Sommerhoff, Tomás | G93: Tomás | H93: Kast | I93: Sommerhoff | J93: NO | K93: Integrante de la Comisión de Defensa Nacional | M93: VIP | N93: =IF(AND(UPPER($M93)="VIP",UPPER($J93)<>"NO",$F93<>""),"SI","NO") | O93: =IF(UPPER($J93)="SI","🟢",IF(UPPER($J93)="NO","🔴","🟡"))
A94: =IF(COUNTA(C94:K94)=0,"",ROW()-1) | B94: =IF($F94<>"",$A94,"") | C94: OPA | D94: Honorable Diputado | E94: =IF(UPPER($J94)="NO","",$M94) | F94: Leiva Carvajal, Raúl | G94: Raúl | H94: Leiva | I94: Carvajal | J94: NO | K94: Integrante de la Comisión de Defensa Nacional | M94: VIP | N94: =IF(AND(UPPER($M94)="VIP",UPPER($J94)<>"NO",$F94<>""),"SI","NO") | O94: =IF(UPPER($J94)="SI","🟢",IF(UPPER($J94)="NO","🔴","🟡"))
A95: =IF(COUNTA(C95:K95)=0,"",ROW()-1) | B95: =IF($F95<>"",$A95,"") | C95: OPA | D95: Honorable Diputado | E95: =IF(UPPER($J95)="NO","",$M95) | F95: Marowski Cuevas, Hans | G95: Hans | H95: Marowski | I95: Cuevas | J95: PENDIENTE | K95: Integrante de la Comisión de Defensa Nacional | M95: VIP | N95: =IF(AND(UPPER($M95)="VIP",UPPER($J95)<>"NO",$F95<>""),"SI","NO") | O95: =IF(UPPER($J95)="SI","🟢",IF(UPPER($J95)="NO","🔴","🟡")) | P95: B19
A96: =IF(COUNTA(C96:K96)=0,"",ROW()-1) | B96: =IF($F96<>"",$A96,"") | C96: OPA | D96: Honorable Diputado | E96: =IF(UPPER($J96)="NO","",$M96) | F96: Olivares Avendaño, Javier | G96: Javier | H96: Olivares | I96: Avendaño | J96: PENDIENTE | K96: Integrante de la Comisión de Defensa Nacional | M96: VIP | N96: =IF(AND(UPPER($M96)="VIP",UPPER($J96)<>"NO",$F96<>""),"SI","NO") | O96: =IF(UPPER($J96)="SI","🟢",IF(UPPER($J96)="NO","🔴","🟡")) | P96: B27
A97: =IF(COUNTA(C97:K97)=0,"",ROW()-1) | B97: =IF($F97<>"",$A97,"") | C97: OPA | D97: Honorable Diputado | E97: =IF(UPPER($J97)="NO","",$M97) | F97: Sabat Guzmán, Omar | G97: Omar | H97: Sabat | I97: Guzmán | J97: PENDIENTE | K97: Integrante de la Comisión de Defensa Nacional | M97: VIP | N97: =IF(AND(UPPER($M97)="VIP",UPPER($J97)<>"NO",$F97<>""),"SI","NO") | O97: =IF(UPPER($J97)="SI","🟢",IF(UPPER($J97)="NO","🔴","🟡")) | P97: B18
A98: =IF(COUNTA(C98:K98)=0,"",ROW()-1) | B98: =IF($F98<>"",$A98,"") | C98: OPA | D98: Honorable Diputado | E98: =IF(UPPER($J98)="NO","",$M98) | F98: Sánchez Ossa, Luis | G98: Luis | H98: Sánchez | I98: Ossa | J98: SI | K98: Integrante de la Comisión de Defensa Nacional | M98: VIP | N98: =IF(AND(UPPER($M98)="VIP",UPPER($J98)<>"NO",$F98<>""),"SI","NO") | O98: =IF(UPPER($J98)="SI","🟢",IF(UPPER($J98)="NO","🔴","🟡")) | P98: B28
A99: =IF(COUNTA(C99:K99)=0,"",ROW()-1) | B99: =IF($F99<>"",$A99,"") | C99: OPA | D99: Honorable Diputado | E99: =IF(UPPER($J99)="NO","",$M99) | F99: Valenzuela Salazar, Daniel | G99: Daniel | H99: Valenzuela | I99: Salazar | J99: SI | K99: Integrante de la Comisión de Defensa Nacional | M99: VIP | N99: =IF(AND(UPPER($M99)="VIP",UPPER($J99)<>"NO",$F99<>""),"SI","NO") | O99: =IF(UPPER($J99)="SI","🟢",IF(UPPER($J99)="NO","🔴","🟡")) | P99: B17
A100: =IF(COUNTA(C100:K100)=0,"",ROW()-1) | B100: =IF($F100<>"",$A100,"") | C100: OPA | D100: Honorable Diputado | E100: =IF(UPPER($J100)="NO","",$M100) | F100: Zamora Soto, Sebastián | G100: Sebastián | H100: Zamora | I100: Soto | J100: NO | K100: Integrante de la Comisión de Defensa Nacional | M100: VIP | N100: =IF(AND(UPPER($M100)="VIP",UPPER($J100)<>"NO",$F100<>""),"SI","NO") | O100: =IF(UPPER($J100)="SI","🟢",IF(UPPER($J100)="NO","🔴","🟡"))
...

Sheet CONTROL ASISTENCIA
A1: CONTROL ASISTENCIA - GENERAL / VIP / 3 TRIBUNAS | L1: RESUMEN DISTRIBUCIÓN VIP
L2: VIP a distribuir | M2: 239
A3: Indicador | B3: Cantidad | C3: Referencia | E3: TRIBUNA | F3: TOTAL BASE | G3: SI | H3: NO | I3: PENDIENTE | J3: DISTRIBUYE | L3: Capacidad VIP | M3: 155
A4: Total invitados | B4: =COUNTA(MAESTRO!$F$2:$F$1200) | C4: NOMBRE COMPLETO | E4: VIP | F4: =COUNTIFS(MAESTRO!$F$2:$F$1200,"<>",MAESTRO!$M$2:$M$1200,E4) | G4: =COUNTIFS(MAESTRO!$F$2:$F$1200,"<>",MAESTRO!$M$2:$M$1200,E4,MAESTRO!$J$2:$J$1200,"SI") | H4: =COUNTIFS(MAESTRO!$F$2:$F$1200,"<>",MAESTRO!$M$2:$M$1200,E4,MAESTRO!$J$2:$J$1200,"NO") | I4: =F4-G4-H4 | J4: =COUNTIFS(MAESTRO!$F$2:$F$1200,"<>",MAESTRO!$E$2:$E$1200,E4,MAESTRO!$N$2:$N$1200,"SI") | L4: Asignados | M4: 155
A5: Confirmados SI | B5: =COUNTIFS(MAESTRO!$F$2:$F$1200,"<>",MAESTRO!$J$2:$J$1200,"SI") | C5: AST. | E5: LATERAL VIP | F5: =COUNTIFS(MAESTRO!$F$2:$F$1200,"<>",MAESTRO!$M$2:$M$1200,E5) | G5: =COUNTIFS(MAESTRO!$F$2:$F$1200,"<>",MAESTRO!$M$2:$M$1200,E5,MAESTRO!$J$2:$J$1200,"SI") | H5: =COUNTIFS(MAESTRO!$F$2:$F$1200,"<>",MAESTRO!$M$2:$M$1200,E5,MAESTRO!$J$2:$J$1200,"NO") | I5: =F5-G5-H5 | J5: =COUNTIFS(MAESTRO!$F$2:$F$1200,"<>",MAESTRO!$E$2:$E$1200,E5,MAESTRO!$N$2:$N$1200,"SI") | L5: Pendiente | M5: 84
A6: No asisten | B6: =COUNTIFS(MAESTRO!$F$2:$F$1200,"<>",MAESTRO!$J$2:$J$1200,"NO") | C6: AST. | E6: LATERAL | F6: =COUNTIFS(MAESTRO!$F$2:$F$1200,"<>",MAESTRO!$M$2:$M$1200,E6) | G6: =COUNTIFS(MAESTRO!$F$2:$F$1200,"<>",MAESTRO!$M$2:$M$1200,E6,MAESTRO!$J$2:$J$1200,"SI") | H6: =COUNTIFS(MAESTRO!$F$2:$F$1200,"<>",MAESTRO!$M$2:$M$1200,E6,MAESTRO!$J$2:$J$1200,"NO") | I6: =F6-G6-H6 | J6: =COUNTIFS(MAESTRO!$F$2:$F$1200,"<>",MAESTRO!$E$2:$E$1200,E6,MAESTRO!$N$2:$N$1200,"SI")
A7: Pendientes | B7: =B4-B5-B6 | C7: AST.
A8: Distribuye | B8: =COUNTIFS(MAESTRO!$F$2:$F$1200,"<>",MAESTRO!$N$2:$N$1200,"SI") | C8: AST. distinto de NO
A9: VIP distribuye | B9: =COUNTIFS(MAESTRO!$F$2:$F$1200,"<>",MAESTRO!$E$2:$E$1200,"VIP",MAESTRO!$N$2:$N$1200,"SI") | C9: Solo TRIBUNA = VIP
A10: Capacidad VIP | B10: =149 | C10: Plano 149 asientos
A11: VIP sin asignar | B11: =MAX(0,B9-B10) | C11: Exceso sobre 149
A14: RESUMEN POR FUENTE
A15: FUENTE | B15: TOTAL | C15: SI | D15: NO | E15: PENDIENTE | F15: VIP | G15: LATERAL VIP | H15: LATERAL | I15: DISTRIBUYE
A16: ACADÉMICOS | B16: =IF($A16="","",COUNTIFS(MAESTRO!$C$2:$C$1200,$A16,MAESTRO!$F$2:$F$1200,"<>")) | C16: =IF($A16="","",COUNTIFS(MAESTRO!$C$2:$C$1200,$A16,MAESTRO!$J$2:$J$1200,"SI",MAESTRO!$F$2:$F$1200,"<>")) | D16: =IF($A16="","",COUNTIFS(MAESTRO!$C$2:$C$1200,$A16,MAESTRO!$J$2:$J$1200,"NO",MAESTRO!$F$2:$F$1200,"<>")) | E16: =IF($A16="","",B16-C16-D16) | F16: =IF($A16="","",COUNTIFS(MAESTRO!$C$2:$C$1200,$A16,MAESTRO!$M$2:$M$1200,"VIP",MAESTRO!$F$2:$F$1200,"<>")) | G16: =IF($A16="","",COUNTIFS(MAESTRO!$C$2:$C$1200,$A16,MAESTRO!$M$2:$M$1200,"LATERAL VIP",MAESTRO!$F$2:$F$1200,"<>")) | H16: =IF($A16="","",COUNTIFS(MAESTRO!$C$2:$C$1200,$A16,MAESTRO!$M$2:$M$1200,"LATERAL",MAESTRO!$F$2:$F$1200,"<>")) | I16: =IF($A16="","",COUNTIFS(MAESTRO!$C$2:$C$1200,$A16,MAESTRO!$N$2:$N$1200,"SI",MAESTRO!$F$2:$F$1200,"<>"))
A17: ASMAR | B17: =IF($A17="","",COUNTIFS(MAESTRO!$C$2:$C$1200,$A17,MAESTRO!$F$2:$F$1200,"<>")) | C17: =IF($A17="","",COUNTIFS(MAESTRO!$C$2:$C$1200,$A17,MAESTRO!$J$2:$J$1200,"SI",MAESTRO!$F$2:$F$1200,"<>")) | D17: =IF($A17="","",COUNTIFS(MAESTRO!$C$2:$C$1200,$A17,MAESTRO!$J$2:$J$1200,"NO",MAESTRO!$F$2:$F$1200,"<>")) | E17: =IF($A17="","",B17-C17-D17) | F17: =IF($A17="","",COUNTIFS(MAESTRO!$C$2:$C$1200,$A17,MAESTRO!$M$2:$M$1200,"VIP",MAESTRO!$F$2:$F$1200,"<>")) | G17: =IF($A17="","",COUNTIFS(MAESTRO!$C$2:$C$1200,$A17,MAESTRO!$M$2:$M$1200,"LATERAL VIP",MAESTRO!$F$2:$F$1200,"<>")) | H17: =IF($A17="","",COUNTIFS(MAESTRO!$C$2:$C$1200,$A17,MAESTRO!$M$2:$M$1200,"LATERAL",MAESTRO!$F$2:$F$1200,"<>")) | I17: =IF($A17="","",COUNTIFS(MAESTRO!$C$2:$C$1200,$A17,MAESTRO!$N$2:$N$1200,"SI",MAESTRO!$F$2:$F$1200,"<>"))
A18: ASMAR DIRECCIÓN | B18: =IF($A18="","",COUNTIFS(MAESTRO!$C$2:$C$1200,$A18,MAESTRO!$F$2:$F$1200,"<>")) | C18: =IF($A18="","",COUNTIFS(MAESTRO!$C$2:$C$1200,$A18,MAESTRO!$J$2:$J$1200,"SI",MAESTRO!$F$2:$F$1200,"<>")) | D18: =IF($A18="","",COUNTIFS(MAESTRO!$C$2:$C$1200,$A18,MAESTRO!$J$2:$J$1200,"NO",MAESTRO!$F$2:$F$1200,"<>")) | E18: =IF($A18="","",B18-C18-D18) | F18: =IF($A18="","",COUNTIFS(MAESTRO!$C$2:$C$1200,$A18,MAESTRO!$M$2:$M$1200,"VIP",MAESTRO!$F$2:$F$1200,"<>")) | G18: =IF($A18="","",COUNTIFS(MAESTRO!$C$2:$C$1200,$A18,MAESTRO!$M$2:$M$1200,"LATERAL VIP",MAESTRO!$F$2:$F$1200,"<>")) | H18: =IF($A18="","",COUNTIFS(MAESTRO!$C$2:$C$1200,$A18,MAESTRO!$M$2:$M$1200,"LATERAL",MAESTRO!$F$2:$F$1200,"<>")) | I18: =IF($A18="","",COUNTIFS(MAESTRO!$C$2:$C$1200,$A18,MAESTRO!$N$2:$N$1200,"SI",MAESTRO!$F$2:$F$1200,"<>"))
A19: ASMARMAG | B19: =IF($A19="","",COUNTIFS(MAESTRO!$C$2:$C$1200,$A19,MAESTRO!$F$2:$F$1200,"<>")) | C19: =IF($A19="","",COUNTIFS(MAESTRO!$C$2:$C$1200,$A19,MAESTRO!$J$2:$J$1200,"SI",MAESTRO!$F$2:$F$1200,"<>")) | D19: =IF($A19="","",COUNTIFS(MAESTRO!$C$2:$C$1200,$A19,MAESTRO!$J$2:$J$1200,"NO",MAESTRO!$F$2:$F$1200,"<>")) | E19: =IF($A19="","",B19-C19-D19) | F19: =IF($A19="","",COUNTIFS(MAESTRO!$C$2:$C$1200,$A19,MAESTRO!$M$2:$M$1200,"VIP",MAESTRO!$F$2:$F$1200,"<>")) | G19: =IF($A19="","",COUNTIFS(MAESTRO!$C$2:$C$1200,$A19,MAESTRO!$M$2:$M$1200,"LATERAL VIP",MAESTRO!$F$2:$F$1200,"<>")) | H19: =IF($A19="","",COUNTIFS(MAESTRO!$C$2:$C$1200,$A19,MAESTRO!$M$2:$M$1200,"LATERAL",MAESTRO!$F$2:$F$1200,"<>")) | I19: =IF($A19="","",COUNTIFS(MAESTRO!$C$2:$C$1200,$A19,MAESTRO!$N$2:$N$1200,"SI",MAESTRO!$F$2:$F$1200,"<>"))
A20: ASMARTALC | B20: =IF($A20="","",COUNTIFS(MAESTRO!$C$2:$C$1200,$A20,MAESTRO!$F$2:$F$1200,"<>")) | C20: =IF($A20="","",COUNTIFS(MAESTRO!$C$2:$C$1200,$A20,MAESTRO!$J$2:$J$1200,"SI",MAESTRO!$F$2:$F$1200,"<>")) | D20: =IF($A20="","",COUNTIFS(MAESTRO!$C$2:$C$1200,$A20,MAESTRO!$J$2:$J$1200,"NO",MAESTRO!$F$2:$F$1200,"<>")) | E20: =IF($A20="","",B20-C20-D20) | F20: =IF($A20="","",COUNTIFS(MAESTRO!$C$2:$C$1200,$A20,MAESTRO!$M$2:$M$1200,"VIP",MAESTRO!$F$2:$F$1200,"<>")) | G20: =IF($A20="","",COUNTIFS(MAESTRO!$C$2:$C$1200,$A20,MAESTRO!$M$2:$M$1200,"LATERAL VIP",MAESTRO!$F$2:$F$1200,"<>")) | H20: =IF($A20="","",COUNTIFS(MAESTRO!$C$2:$C$1200,$A20,MAESTRO!$M$2:$M$1200,"LATERAL",MAESTRO!$F$2:$F$1200,"<>")) | I20: =IF($A20="","",COUNTIFS(MAESTRO!$C$2:$C$1200,$A20,MAESTRO!$N$2:$N$1200,"SI",MAESTRO!$F$2:$F$1200,"<>"))
A21: ASMARVALP | B21: =IF($A21="","",COUNTIFS(MAESTRO!$C$2:$C$1200,$A21,MAESTRO!$F$2:$F$1200,"<>")) | C21: =IF($A21="","",COUNTIFS(MAESTRO!$C$2:$C$1200,$A21,MAESTRO!$J$2:$J$1200,"SI",MAESTRO!$F$2:$F$1200,"<>")) | D21: =IF($A21="","",COUNTIFS(MAESTRO!$C$2:$C$1200,$A21,MAESTRO!$J$2:$J$1200,"NO",MAESTRO!$F$2:$F$1200,"<>")) | E21: =IF($A21="","",B21-C21-D21) | F21: =IF($A21="","",COUNTIFS(MAESTRO!$C$2:$C$1200,$A21,MAESTRO!$M$2:$M$1200,"VIP",MAESTRO!$F$2:$F$1200,"<>")) | G21: =IF($A21="","",COUNTIFS(MAESTRO!$C$2:$C$1200,$A21,MAESTRO!$M$2:$M$1200,"LATERAL VIP",MAESTRO!$F$2:$F$1200,"<>")) | H21: =IF($A21="","",COUNTIFS(MAESTRO!$C$2:$C$1200,$A21,MAESTRO!$M$2:$M$1200,"LATERAL",MAESTRO!$F$2:$F$1200,"<>")) | I21: =IF($A21="","",COUNTIFS(MAESTRO!$C$2:$C$1200,$A21,MAESTRO!$N$2:$N$1200,"SI",MAESTRO!$F$2:$F$1200,"<>"))
A22: CIVILES | B22: =IF($A22="","",COUNTIFS(MAESTRO!$C$2:$C$1200,$A22,MAESTRO!$F$2:$F$1200,"<>")) | C22: =IF($A22="","",COUNTIFS(MAESTRO!$C$2:$C$1200,$A22,MAESTRO!$J$2:$J$1200,"SI",MAESTRO!$F$2:$F$1200,"<>")) | D22: =IF($A22="","",COUNTIFS(MAESTRO!$C$2:$C$1200,$A22,MAESTRO!$J$2:$J$1200,"NO",MAESTRO!$F$2:$F$1200,"<>")) | E22: =IF($A22="","",B22-C22-D22) | F22: =IF($A22="","",COUNTIFS(MAESTRO!$C$2:$C$1200,$A22,MAESTRO!$M$2:$M$1200,"VIP",MAESTRO!$F$2:$F$1200,"<>")) | G22: =IF($A22="","",COUNTIFS(MAESTRO!$C$2:$C$1200,$A22,MAESTRO!$M$2:$M$1200,"LATERAL VIP",MAESTRO!$F$2:$F$1200,"<>")) | H22: =IF($A22="","",COUNTIFS(MAESTRO!$C$2:$C$1200,$A22,MAESTRO!$M$2:$M$1200,"LATERAL",MAESTRO!$F$2:$F$1200,"<>")) | I22: =IF($A22="","",COUNTIFS(MAESTRO!$C$2:$C$1200,$A22,MAESTRO!$N$2:$N$1200,"SI",MAESTRO!$F$2:$F$1200,"<>"))
A23: INVITADOS ASMAR | B23: =IF($A23="","",COUNTIFS(MAESTRO!$C$2:$C$1200,$A23,MAESTRO!$F$2:$F$1200,"<>")) | C23: =IF($A23="","",COUNTIFS(MAESTRO!$C$2:$C$1200,$A23,MAESTRO!$J$2:$J$1200,"SI",MAESTRO!$F$2:$F$1200,"<>")) | D23: =IF($A23="","",COUNTIFS(MAESTRO!$C$2:$C$1200,$A23,MAESTRO!$J$2:$J$1200,"NO",MAESTRO!$F$2:$F$1200,"<>")) | E23: =IF($A23="","",B23-C23-D23) | F23: =IF($A23="","",COUNTIFS(MAESTRO!$C$2:$C$1200,$A23,MAESTRO!$M$2:$M$1200,"VIP",MAESTRO!$F$2:$F$1200,"<>")) | G23: =IF($A23="","",COUNTIFS(MAESTRO!$C$2:$C$1200,$A23,MAESTRO!$M$2:$M$1200,"LATERAL VIP",MAESTRO!$F$2:$F$1200,"<>")) | H23: =IF($A23="","",COUNTIFS(MAESTRO!$C$2:$C$1200,$A23,MAESTRO!$M$2:$M$1200,"LATERAL",MAESTRO!$F$2:$F$1200,"<>")) | I23: =IF($A23="","",COUNTIFS(MAESTRO!$C$2:$C$1200,$A23,MAESTRO!$N$2:$N$1200,"SI",MAESTRO!$F$2:$F$1200,"<>"))
A24: INVITADOS DGSA | B24: =IF($A24="","",COUNTIFS(MAESTRO!$C$2:$C$1200,$A24,MAESTRO!$F$2:$F$1200,"<>")) | C24: =IF($A24="","",COUNTIFS(MAESTRO!$C$2:$C$1200,$A24,MAESTRO!$J$2:$J$1200,"SI",MAESTRO!$F$2:$F$1200,"<>")) | D24: =IF($A24="","",COUNTIFS(MAESTRO!$C$2:$C$1200,$A24,MAESTRO!$J$2:$J$1200,"NO",MAESTRO!$F$2:$F$1200,"<>")) | E24: =IF($A24="","",B24-C24-D24) | F24: =IF($A24="","",COUNTIFS(MAESTRO!$C$2:$C$1200,$A24,MAESTRO!$M$2:$M$1200,"VIP",MAESTRO!$F$2:$F$1200,"<>")) | G24: =IF($A24="","",COUNTIFS(MAESTRO!$C$2:$C$1200,$A24,MAESTRO!$M$2:$M$1200,"LATERAL VIP",MAESTRO!$F$2:$F$1200,"<>")) | H24: =IF($A24="","",COUNTIFS(MAESTRO!$C$2:$C$1200,$A24,MAESTRO!$M$2:$M$1200,"LATERAL",MAESTRO!$F$2:$F$1200,"<>")) | I24: =IF($A24="","",COUNTIFS(MAESTRO!$C$2:$C$1200,$A24,MAESTRO!$N$2:$N$1200,"SI",MAESTRO!$F$2:$F$1200,"<>"))
A25: MADRINA | B25: =IF($A25="","",COUNTIFS(MAESTRO!$C$2:$C$1200,$A25,MAESTRO!$F$2:$F$1200,"<>")) | C25: =IF($A25="","",COUNTIFS(MAESTRO!$C$2:$C$1200,$A25,MAESTRO!$J$2:$J$1200,"SI",MAESTRO!$F$2:$F$1200,"<>")) | D25: =IF($A25="","",COUNTIFS(MAESTRO!$C$2:$C$1200,$A25,MAESTRO!$J$2:$J$1200,"NO",MAESTRO!$F$2:$F$1200,"<>")) | E25: =IF($A25="","",B25-C25-D25) | F25: =IF($A25="","",COUNTIFS(MAESTRO!$C$2:$C$1200,$A25,MAESTRO!$M$2:$M$1200,"VIP",MAESTRO!$F$2:$F$1200,"<>")) | G25: =IF($A25="","",COUNTIFS(MAESTRO!$C$2:$C$1200,$A25,MAESTRO!$M$2:$M$1200,"LATERAL VIP",MAESTRO!$F$2:$F$1200,"<>")) | H25: =IF($A25="","",COUNTIFS(MAESTRO!$C$2:$C$1200,$A25,MAESTRO!$M$2:$M$1200,"LATERAL",MAESTRO!$F$2:$F$1200,"<>")) | I25: =IF($A25="","",COUNTIFS(MAESTRO!$C$2:$C$1200,$A25,MAESTRO!$N$2:$N$1200,"SI",MAESTRO!$F$2:$F$1200,"<>"))
A26: MANDOS SEZONA | B26: =IF($A26="","",COUNTIFS(MAESTRO!$C$2:$C$1200,$A26,MAESTRO!$F$2:$F$1200,"<>")) | C26: =IF($A26="","",COUNTIFS(MAESTRO!$C$2:$C$1200,$A26,MAESTRO!$J$2:$J$1200,"SI",MAESTRO!$F$2:$F$1200,"<>")) | D26: =IF($A26="","",COUNTIFS(MAESTRO!$C$2:$C$1200,$A26,MAESTRO!$J$2:$J$1200,"NO",MAESTRO!$F$2:$F$1200,"<>")) | E26: =IF($A26="","",B26-C26-D26) | F26: =IF($A26="","",COUNTIFS(MAESTRO!$C$2:$C$1200,$A26,MAESTRO!$M$2:$M$1200,"VIP",MAESTRO!$F$2:$F$1200,"<>")) | G26: =IF($A26="","",COUNTIFS(MAESTRO!$C$2:$C$1200,$A26,MAESTRO!$M$2:$M$1200,"LATERAL VIP",MAESTRO!$F$2:$F$1200,"<>")) | H26: =IF($A26="","",COUNTIFS(MAESTRO!$C$2:$C$1200,$A26,MAESTRO!$M$2:$M$1200,"LATERAL",MAESTRO!$F$2:$F$1200,"<>")) | I26: =IF($A26="","",COUNTIFS(MAESTRO!$C$2:$C$1200,$A26,MAESTRO!$N$2:$N$1200,"SI",MAESTRO!$F$2:$F$1200,"<>"))
A27: MILITARES | B27: =IF($A27="","",COUNTIFS(MAESTRO!$C$2:$C$1200,$A27,MAESTRO!$F$2:$F$1200,"<>")) | C27: =IF($A27="","",COUNTIFS(MAESTRO!$C$2:$C$1200,$A27,MAESTRO!$J$2:$J$1200,"SI",MAESTRO!$F$2:$F$1200,"<>")) | D27: =IF($A27="","",COUNTIFS(MAESTRO!$C$2:$C$1200,$A27,MAESTRO!$J$2:$J$1200,"NO",MAESTRO!$F$2:$F$1200,"<>")) | E27: =IF($A27="","",B27-C27-D27) | F27: =IF($A27="","",COUNTIFS(MAESTRO!$C$2:$C$1200,$A27,MAESTRO!$M$2:$M$1200,"VIP",MAESTRO!$F$2:$F$1200,"<>")) | G27: =IF($A27="","",COUNTIFS(MAESTRO!$C$2:$C$1200,$A27,MAESTRO!$M$2:$M$1200,"LATERAL VIP",MAESTRO!$F$2:$F$1200,"<>")) | H27: =IF($A27="","",COUNTIFS(MAESTRO!$C$2:$C$1200,$A27,MAESTRO!$M$2:$M$1200,"LATERAL",MAESTRO!$F$2:$F$1200,"<>")) | I27: =IF($A27="","",COUNTIFS(MAESTRO!$C$2:$C$1200,$A27,MAESTRO!$N$2:$N$1200,"SI",MAESTRO!$F$2:$F$1200,"<>"))
... A34: PROVEEDORES | B34: =IF($A34="","",COUNTIFS(MAESTRO!$C$2:$C$1200,$A34,MAESTRO!$F$2:$F$1200,"<>")) | C34: =IF($A34="","",COUNTIFS(MAESTRO!$C$2:$C$1200,$A34,MAESTRO!$J$2:$J$1200,"SI",MAESTRO!$F$2:$F$1200,"<>")) | D34: =IF($A34="","",COUNTIFS(MAESTRO!$C$2:$C$1200,$A34,MAESTRO!$J$2:$J$1200,"NO",MAESTRO!$F$2:$F$1200,"<>")) | E34: =IF($A34="","",B34-C34-D34) | F34: =IF($A34="","",COUNTIFS(MAESTRO!$C$2:$C$1200,$A34,MAESTRO!$M$2:$M$1200,"VIP",MAESTRO!$F$2:$F$1200,"<>")) | G34: =IF($A34="","",COUNTIFS(MAESTRO!$C$2:$C$1200,$A34,MAESTRO!$M$2:$M$1200,"LATERAL VIP",MAESTRO!$F$2:$F$1200,"<>")) | H34: =IF($A34="","",COUNTIFS(MAESTRO!$C$2:$C$1200,$A34,MAESTRO!$M$2:$M$1200,"LATERAL",MAESTRO!$F$2:$F$1200,"<>")) | I34: =IF($A34="","",COUNTIFS(MAESTRO!$C$2:$C$1200,$A34,MAESTRO!$N$2:$N$1200,"SI",MAESTRO!$F$2:$F$1200,"<>"))
B35: =IF($A35="","",COUNTIFS(MAESTRO!$C$2:$C$1200,$A35,MAESTRO!$F$2:$F$1200,"<>")) | C35: =IF($A35="","",COUNTIFS(MAESTRO!$C$2:$C$1200,$A35,MAESTRO!$J$2:$J$1200,"SI",MAESTRO!$F$2:$F$1200,"<>")) | D35: =IF($A35="","",COUNTIFS(MAESTRO!$C$2:$C$1200,$A35,MAESTRO!$J$2:$J$1200,"NO",MAESTRO!$F$2:$F$1200,"<>")) | E35: =IF($A35="","",B35-C35-D35) | F35: =IF($A35="","",COUNTIFS(MAESTRO!$C$2:$C$1200,$A35,MAESTRO!$M$2:$M$1200,"VIP",MAESTRO!$F$2:$F$1200,"<>")) | G35: =IF($A35="","",COUNTIFS(MAESTRO!$C$2:$C$1200,$A35,MAESTRO!$M$2:$M$1200,"LATERAL VIP",MAESTRO!$F$2:$F$1200,"<>")) | H35: =IF($A35="","",COUNTIFS(MAESTRO!$C$2:$C$1200,$A35,MAESTRO!$M$2:$M$1200,"LATERAL",MAESTRO!$F$2:$F$1200,"<>")) | I35: =IF($A35="","",COUNTIFS(MAESTRO!$C$2:$C$1200,$A35,MAESTRO!$N$2:$N$1200,"SI",MAESTRO!$F$2:$F$1200,"<>"))
B36: =IF($A36="","",COUNTIFS(MAESTRO!$C$2:$C$1200,$A36,MAESTRO!$F$2:$F$1200,"<>")) | C36: =IF($A36="","",COUNTIFS(MAESTRO!$C$2:$C$1200,$A36,MAESTRO!$J$2:$J$1200,"SI",MAESTRO!$F$2:$F$1200,"<>")) | D36: =IF($A36="","",COUNTIFS(MAESTRO!$C$2:$C$1200,$A36,MAESTRO!$J$2:$J$1200,"NO",MAESTRO!$F$2:$F$1200,"<>")) | E36: =IF($A36="","",B36-C36-D36) | F36: =IF($A36="","",COUNTIFS(MAESTRO!$C$2:$C$1200,$A36,MAESTRO!$M$2:$M$1200,"VIP",MAESTRO!$F$2:$F$1200,"<>")) | G36: =IF($A36="","",COUNTIFS(MAESTRO!$C$2:$C$1200,$A36,MAESTRO!$M$2:$M$1200,"LATERAL VIP",MAESTRO!$F$2:$F$1200,"<>")) | H36: =IF($A36="","",COUNTIFS(MAESTRO!$C$2:$C$1200,$A36,MAESTRO!$M$2:$M$1200,"LATERAL",MAESTRO!$F$2:$F$1200,"<>")) | I36: =IF($A36="","",COUNTIFS(MAESTRO!$C$2:$C$1200,$A36,MAESTRO!$N$2:$N$1200,"SI",MAESTRO!$F$2:$F$1200,"<>"))
B37: =IF($A37="","",COUNTIFS(MAESTRO!$C$2:$C$1200,$A37,MAESTRO!$F$2:$F$1200,"<>")) | C37: =IF($A37="","",COUNTIFS(MAESTRO!$C$2:$C$1200,$A37,MAESTRO!$J$2:$J$1200,"SI",MAESTRO!$F$2:$F$1200,"<>")) | D37: =IF($A37="","",COUNTIFS(MAESTRO!$C$2:$C$1200,$A37,MAESTRO!$J$2:$J$1200,"NO",MAESTRO!$F$2:$F$1200,"<>")) | E37: =IF($A37="","",B37-C37-D37) | F37: =IF($A37="","",COUNTIFS(MAESTRO!$C$2:$C$1200,$A37,MAESTRO!$M$2:$M$1200,"VIP",MAESTRO!$F$2:$F$1200,"<>")) | G37: =IF($A37="","",COUNTIFS(MAESTRO!$C$2:$C$1200,$A37,MAESTRO!$M$2:$M$1200,"LATERAL VIP",MAESTRO!$F$2:$F$1200,"<>")) | H37: =IF($A37="","",COUNTIFS(MAESTRO!$C$2:$C$1200,$A37,MAESTRO!$M$2:$M$1200,"LATERAL",MAESTRO!$F$2:$F$1200,"<>")) | I37: =IF($A37="","",COUNTIFS(MAESTRO!$C$2:$C$1200,$A37,MAESTRO!$N$2:$N$1200,"SI",MAESTRO!$F$2:$F$1200,"<>"))
B38: =IF($A38="","",COUNTIFS(MAESTRO!$C$2:$C$1200,$A38,MAESTRO!$F$2:$F$1200,"<>")) | C38: =IF($A38="","",COUNTIFS(MAESTRO!$C$2:$C$1200,$A38,MAESTRO!$J$2:$J$1200,"SI",MAESTRO!$F$2:$F$1200,"<>")) | D38: =IF($A38="","",COUNTIFS(MAESTRO!$C$2:$C$1200,$A38,MAESTRO!$J$2:$J$1200,"NO",MAESTRO!$F$2:$F$1200,"<>")) | E38: =IF($A38="","",B38-C38-D38) | F38: =IF($A38="","",COUNTIFS(MAESTRO!$C$2:$C$1200,$A38,MAESTRO!$M$2:$M$1200,"VIP",MAESTRO!$F$2:$F$1200,"<>")) | G38: =IF($A38="","",COUNTIFS(MAESTRO!$C$2:$C$1200,$A38,MAESTRO!$M$2:$M$1200,"LATERAL VIP",MAESTRO!$F$2:$F$1200,"<>")) | H38: =IF($A38="","",COUNTIFS(MAESTRO!$C$2:$C$1200,$A38,MAESTRO!$M$2:$M$1200,"LATERAL",MAESTRO!$F$2:$F$1200,"<>")) | I38: =IF($A38="","",COUNTIFS(MAESTRO!$C$2:$C$1200,$A38,MAESTRO!$N$2:$N$1200,"SI",MAESTRO!$F$2:$F$1200,"<>"))
B39: =IF($A39="","",COUNTIFS(MAESTRO!$C$2:$C$1200,$A39,MAESTRO!$F$2:$F$1200,"<>")) | C39: =IF($A39="","",COUNTIFS(MAESTRO!$C$2:$C$1200,$A39,MAESTRO!$J$2:$J$1200,"SI",MAESTRO!$F$2:$F$1200,"<>")) | D39: =IF($A39="","",COUNTIFS(MAESTRO!$C$2:$C$1200,$A39,MAESTRO!$J$2:$J$1200,"NO",MAESTRO!$F$2:$F$1200,"<>")) | E39: =IF($A39="","",B39-C39-D39) | F39: =IF($A39="","",COUNTIFS(MAESTRO!$C$2:$C$1200,$A39,MAESTRO!$M$2:$M$1200,"VIP",MAESTRO!$F$2:$F$1200,"<>")) | G39: =IF($A39="","",COUNTIFS(MAESTRO!$C$2:$C$1200,$A39,MAESTRO!$M$2:$M$1200,"LATERAL VIP",MAESTRO!$F$2:$F$1200,"<>")) | H39: =IF($A39="","",COUNTIFS(MAESTRO!$C$2:$C$1200,$A39,MAESTRO!$M$2:$M$1200,"LATERAL",MAESTRO!$F$2:$F$1200,"<>")) | I39: =IF($A39="","",COUNTIFS(MAESTRO!$C$2:$C$1200,$A39,MAESTRO!$N$2:$N$1200,"SI",MAESTRO!$F$2:$F$1200,"<>"))
B40: =IF($A40="","",COUNTIFS(MAESTRO!$C$2:$C$1200,$A40,MAESTRO!$F$2:$F$1200,"<>")) | C40: =IF($A40="","",COUNTIFS(MAESTRO!$C$2:$C$1200,$A40,MAESTRO!$J$2:$J$1200,"SI",MAESTRO!$F$2:$F$1200,"<>")) | D40: =IF($A40="","",COUNTIFS(MAESTRO!$C$2:$C$1200,$A40,MAESTRO!$J$2:$J$1200,"NO",MAESTRO!$F$2:$F$1200,"<>")) | E40: =IF($A40="","",B40-C40-D40) | F40: =IF($A40="","",COUNTIFS(MAESTRO!$C$2:$C$1200,$A40,MAESTRO!$M$2:$M$1200,"VIP",MAESTRO!$F$2:$F$1200,"<>")) | G40: =IF($A40="","",COUNTIFS(MAESTRO!$C$2:$C$1200,$A40,MAESTRO!$M$2:$M$1200,"LATERAL VIP",MAESTRO!$F$2:$F$1200,"<>")) | H40: =IF($A40="","",COUNTIFS(MAESTRO!$C$2:$C$1200,$A40,MAESTRO!$M$2:$M$1200,"LATERAL",MAESTRO!$F$2:$F$1200,"<>")) | I40: =IF($A40="","",COUNTIFS(MAESTRO!$C$2:$C$1200,$A40,MAESTRO!$N$2:$N$1200,"SI",MAESTRO!$F$2:$F$1200,"<>"))
B41: =IF($A41="","",COUNTIFS(MAESTRO!$C$2:$C$1200,$A41,MAESTRO!$F$2:$F$1200,"<>")) | C41: =IF($A41="","",COUNTIFS(MAESTRO!$C$2:$C$1200,$A41,MAESTRO!$J$2:$J$1200,"SI",MAESTRO!$F$2:$F$1200,"<>")) | D41: =IF($A41="","",COUNTIFS(MAESTRO!$C$2:$C$1200,$A41,MAESTRO!$J$2:$J$1200,"NO",MAESTRO!$F$2:$F$1200,"<>")) | E41: =IF($A41="","",B41-C41-D41) | F41: =IF($A41="","",COUNTIFS(MAESTRO!$C$2:$C$1200,$A41,MAESTRO!$M$2:$M$1200,"VIP",MAESTRO!$F$2:$F$1200,"<>")) | G41: =IF($A41="","",COUNTIFS(MAESTRO!$C$2:$C$1200,$A41,MAESTRO!$M$2:$M$1200,"LATERAL VIP",MAESTRO!$F$2:$F$1200,"<>")) | H41: =IF($A41="","",COUNTIFS(MAESTRO!$C$2:$C$1200,$A41,MAESTRO!$M$2:$M$1200,"LATERAL",MAESTRO!$F$2:$F$1200,"<>")) | I41: =IF($A41="","",COUNTIFS(MAESTRO!$C$2:$C$1200,$A41,MAESTRO!$N$2:$N$1200,"SI",MAESTRO!$F$2:$F$1200,"<>"))
B42: =IF($A42="","",COUNTIFS(MAESTRO!$C$2:$C$1200,$A42,MAESTRO!$F$2:$F$1200,"<>")) | C42: =IF($A42="","",COUNTIFS(MAESTRO!$C$2:$C$1200,$A42,MAESTRO!$J$2:$J$1200,"SI",MAESTRO!$F$2:$F$1200,"<>")) | D42: =IF($A42="","",COUNTIFS(MAESTRO!$C$2:$C$1200,$A42,MAESTRO!$J$2:$J$1200,"NO",MAESTRO!$F$2:$F$1200,"<>")) | E42: =IF($A42="","",B42-C42-D42) | F42: =IF($A42="","",COUNTIFS(MAESTRO!$C$2:$C$1200,$A42,MAESTRO!$M$2:$M$1200,"VIP",MAESTRO!$F$2:$F$1200,"<>")) | G42: =IF($A42="","",COUNTIFS(MAESTRO!$C$2:$C$1200,$A42,MAESTRO!$M$2:$M$1200,"LATERAL VIP",MAESTRO!$F$2:$F$1200,"<>")) | H42: =IF($A42="","",COUNTIFS(MAESTRO!$C$2:$C$1200,$A42,MAESTRO!$M$2:$M$1200,"LATERAL",MAESTRO!$F$2:$F$1200,"<>")) | I42: =IF($A42="","",COUNTIFS(MAESTRO!$C$2:$C$1200,$A42,MAESTRO!$N$2:$N$1200,"SI",MAESTRO!$F$2:$F$1200,"<>"))
B43: =IF($A43="","",COUNTIFS(MAESTRO!$C$2:$C$1200,$A43,MAESTRO!$F$2:$F$1200,"<>")) | C43: =IF($A43="","",COUNTIFS(MAESTRO!$C$2:$C$1200,$A43,MAESTRO!$J$2:$J$1200,"SI",MAESTRO!$F$2:$F$1200,"<>")) | D43: =IF($A43="","",COUNTIFS(MAESTRO!$C$2:$C$1200,$A43,MAESTRO!$J$2:$J$1200,"NO",MAESTRO!$F$2:$F$1200,"<>")) | E43: =IF($A43="","",B43-C43-D43) | F43: =IF($A43="","",COUNTIFS(MAESTRO!$C$2:$C$1200,$A43,MAESTRO!$M$2:$M$1200,"VIP",MAESTRO!$F$2:$F$1200,"<>")) | G43: =IF($A43="","",COUNTIFS(MAESTRO!$C$2:$C$1200,$A43,MAESTRO!$M$2:$M$1200,"LATERAL VIP",MAESTRO!$F$2:$F$1200,"<>")) | H43: =IF($A43="","",COUNTIFS(MAESTRO!$C$2:$C$1200,$A43,MAESTRO!$M$2:$M$1200,"LATERAL",MAESTRO!$F$2:$F$1200,"<>")) | I43: =IF($A43="","",COUNTIFS(MAESTRO!$C$2:$C$1200,$A43,MAESTRO!$N$2:$N$1200,"SI",MAESTRO!$F$2:$F$1200,"<>"))
B44: =IF($A44="","",COUNTIFS(MAESTRO!$C$2:$C$1200,$A44,MAESTRO!$F$2:$F$1200,"<>")) | C44: =IF($A44="","",COUNTIFS(MAESTRO!$C$2:$C$1200,$A44,MAESTRO!$J$2:$J$1200,"SI",MAESTRO!$F$2:$F$1200,"<>")) | D44: =IF($A44="","",COUNTIFS(MAESTRO!$C$2:$C$1200,$A44,MAESTRO!$J$2:$J$1200,"NO",MAESTRO!$F$2:$F$1200,"<>")) | E44: =IF($A44="","",B44-C44-D44) | F44: =IF($A44="","",COUNTIFS(MAESTRO!$C$2:$C$1200,$A44,MAESTRO!$M$2:$M$1200,"VIP",MAESTRO!$F$2:$F$1200,"<>")) | G44: =IF($A44="","",COUNTIFS(MAESTRO!$C$2:$C$1200,$A44,MAESTRO!$M$2:$M$1200,"LATERAL VIP",MAESTRO!$F$2:$F$1200,"<>")) | H44: =IF($A44="","",COUNTIFS(MAESTRO!$C$2:$C$1200,$A44,MAESTRO!$M$2:$M$1200,"LATERAL",MAESTRO!$F$2:$F$1200,"<>")) | I44: =IF($A44="","",COUNTIFS(MAESTRO!$C$2:$C$1200,$A44,MAESTRO!$N$2:$N$1200,"SI",MAESTRO!$F$2:$F$1200,"<>"))
B45: =IF($A45="","",COUNTIFS(MAESTRO!$C$2:$C$1200,$A45,MAESTRO!$F$2:$F$1200,"<>")) | C45: =IF($A45="","",COUNTIFS(MAESTRO!$C$2:$C$1200,$A45,MAESTRO!$J$2:$J$1200,"SI",MAESTRO!$F$2:$F$1200,"<>")) | D45: =IF($A45="","",COUNTIFS(MAESTRO!$C$2:$C$1200,$A45,MAESTRO!$J$2:$J$1200,"NO",MAESTRO!$F$2:$F$1200,"<>")) | E45: =IF($A45="","",B45-C45-D45) | F45: =IF($A45="","",COUNTIFS(MAESTRO!$C$2:$C$1200,$A45,MAESTRO!$M$2:$M$1200,"VIP",MAESTRO!$F$2:$F$1200,"<>")) | G45: =IF($A45="","",COUNTIFS(MAESTRO!$C$2:$C$1200,$A45,MAESTRO!$M$2:$M$1200,"LATERAL VIP",MAESTRO!$F$2:$F$1200,"<>")) | H45: =IF($A45="","",COUNTIFS(MAESTRO!$C$2:$C$1200,$A45,MAESTRO!$M$2:$M$1200,"LATERAL",MAESTRO!$F$2:$F$1200,"<>")) | I45: =IF($A45="","",COUNTIFS(MAESTRO!$C$2:$C$1200,$A45,MAESTRO!$N$2:$N$1200,"SI",MAESTRO!$F$2:$F$1200,"<>"))
B46: =IF($A46="","",COUNTIFS(MAESTRO!$C$2:$C$1200,$A46,MAESTRO!$F$2:$F$1200,"<>")) | C46: =IF($A46="","",COUNTIFS(MAESTRO!$C$2:$C$1200,$A46,MAESTRO!$J$2:$J$1200,"SI",MAESTRO!$F$2:$F$1200,"<>")) | D46: =IF($A46="","",COUNTIFS(MAESTRO!$C$2:$C$1200,$A46,MAESTRO!$J$2:$J$1200,"NO",MAESTRO!$F$2:$F$1200,"<>")) | E46: =IF($A46="","",B46-C46-D46) | F46: =IF($A46="","",COUNTIFS(MAESTRO!$C$2:$C$1200,$A46,MAESTRO!$M$2:$M$1200,"VIP",MAESTRO!$F$2:$F$1200,"<>")) | G46: =IF($A46="","",COUNTIFS(MAESTRO!$C$2:$C$1200,$A46,MAESTRO!$M$2:$M$1200,"LATERAL VIP",MAESTRO!$F$2:$F$1200,"<>")) | H46: =IF($A46="","",COUNTIFS(MAESTRO!$C$2:$C$1200,$A46,MAESTRO!$M$2:$M$1200,"LATERAL",MAESTRO!$F$2:$F$1200,"<>")) | I46: =IF($A46="","",COUNTIFS(MAESTRO!$C$2:$C$1200,$A46,MAESTRO!$N$2:$N$1200,"SI",MAESTRO!$F$2:$F$1200,"<>"))
... B80: =IF($A80="","",COUNTIFS(MAESTRO!$C$2:$C$1200,$A80,MAESTRO!$F$2:$F$1200,"<>")) | C80: =IF($A80="","",COUNTIFS(MAESTRO!$C$2:$C$1200,$A80,MAESTRO!$J$2:$J$1200,"SI",MAESTRO!$F$2:$F$1200,"<>")) | D80: =IF($A80="","",COUNTIFS(MAESTRO!$C$2:$C$1200,$A80,MAESTRO!$J$2:$J$1200,"NO",MAESTRO!$F$2:$F$1200,"<>")) | E80: =IF($A80="","",B80-C80-D80) | F80: =IF($A80="","",COUNTIFS(MAESTRO!$C$2:$C$1200,$A80,MAESTRO!$M$2:$M$1200,"VIP",MAESTRO!$F$2:$F$1200,"<>")) | G80: =IF($A80="","",COUNTIFS(MAESTRO!$C$2:$C$1200,$A80,MAESTRO!$M$2:$M$1200,"LATERAL VIP",MAESTRO!$F$2:$F$1200,"<>")) | H80: =IF($A80="","",COUNTIFS(MAESTRO!$C$2:$C$1200,$A80,MAESTRO!$M$2:$M$1200,"LATERAL",MAESTRO!$F$2:$F$1200,"<>")) | I80: =IF($A80="","",COUNTIFS(MAESTRO!$C$2:$C$1200,$A80,MAESTRO!$N$2:$N$1200,"SI",MAESTRO!$F$2:$F$1200,"<>"))

Sheet DISTRIBUCION VIP
A1: DISTRIBUCIÓN VIP
A2: Criterio: TRIBUNA BASE = VIP y AST. distinto de NO, independiente de la FUENTE. Filas A/B/C centro 23. Fila D con reservas y sin sillas.
A4: Total VIP a distribuir | B4: 239
A5: Capacidad VIP válida | B5: 155
A6: Asignados | B6: 155
A7: Pendiente por asignar | B7: 84
A8: Centro Filas A/B/C | B8: 23
A9: Fila D | B9: D11-D17 reservado | D18-D27 sin silla | D28-D35 reservado
B11: 1 | C11: 2 | D11: 3 | E11: 4 | F11: 5 | G11: 6 | H11: 7 | I11: 8 | J11: 9 | K11: 10 | L11: 11 | M11: 12 | N11: 13 | O11: 14 | P11: 15 | Q11: 16 | R11: 17 | S11: 18 | T11: 19 | U11: 20 | V11: 21 | W11: 22 | X11: 23 | Y11: 24 | Z11: 25 | AA11: 26 | AB11: 27 | AC11: 28 | AD11: 29 | AE11: 30 | AF11: 31 | AG11: 32 | AH11: 33 | AI11: 34 | AJ11: 35 | AK11: 36 | AL11: 37 | AM11: 38 | AN11: 39 | AO11: 40 | AP11: 41 | AQ11: 42 | AR11: 43 | AS11: 44 | AT11: 45
A12: FILA A | B12: A1 Sebastián Keitel Bianchi Circunscripción 10 Región Biobío | C12: A2 Camila Flores Oporto Comisión de Defensa Nacional | D12: A3 Julio Anativia Zamora Delegado Presidencial Región de Bio Bio | E12: A4 Sergio Giacaman García Gobernador Región Bio Bio | F12: A5 Marcela Larrañaga Martin Madrina | G12: A6 Eduardo Cerna Lozano *Director General de la Policía de Investigaciones de Chile | H12: A7 Miguel Stange Muñoz *Comandante en Jefe de la Fuerza Aérea de Chile (S) | I12: A8 Julio Leiva Molina Ex - Comandante en Jefe de la Armada | J12: A9 Sone Kenko Embajadora de Japón en Chile | K12: A10 Lotty Farah Andrade Abdo Embajadora de Ecuador en Chile | L12: A11 Per Pollen Nilsen Embajador de Noruega en Chile | M12: A12 Sebastián Guanumen Parra Embajador de Colombia en Chile | N12: A13 Andrew James Barrit Martin Embajador de Australia en Chile | O12: A14 Johanna Kotkajarvi Embajadora de Finlandia en Chile | P12: A15 Adriana Delpiano Puelma Ex Ministra de Defensa Nacional | Q12: A16 Francisco Undurruga Gazitúa Ministro de las Culturas, las Artes y el Patrimonio | R12: A17 Claudio Alvarado Andrade Biministro del Interior y Secretario General de Gobierno | S12: A18 Ricardo Lagos Escobar Ex Presidente de la República | T12: A19 Gabriel Boric Font Ex Presidente de la República | U12: A20 María Cecilia Morel Montes Ex - Primera Dama | V12: A21 Fernando Cabrera Salazar *Comandante en Jefe de la Armada | W12: A22 María Pía Adriasola Barroihet Esposa del Presidente de la República | X12: A23 José Antonio Kast Rist * Presidente de la República | Y12: A24 Fernando Barros Tocornal *Ministro de Defensa Nacional | Z12: A25 Roxana Mery Casella Esposa del Comandante en Jefe de la Armada | AA12: A26 Iván Moreira Barros *Presidenta del Senado (Representante). | AB12: A27 Michelle Bachelet Jeria Ex Presidenta de la República | AC12: A28 Eduardo Frei Ruiz-tagle Ex Presidente de la República | AD12: A29 Catalina Parot Donoso Ministra de Bienes Nacionales | AE12: A30 Maya Fernández Allende Ex Ministra de Defensa Nacional | AF12: A31 Niu Qingbao Embajador de la República Popular China en Chile | AG12: A32 Valeria Biagiotti Embajadora de Italia en Chile | AH12: A33 Ahmet Ihsan Kiziltan Embajadora de Turquia en Chile | AI12: A34 Karolina Linda Guay Guay Embajadora de Canadá en Chile | AJ12: A35 Elke Schaapveld E/v Merks Embajadora de los Países Bajos en Chile | AK12: A36 Laura Oroz Ulibarri Embajadora de España en Chile | AL12: A37 Peleg Lewi Embajadora de Israel en Chile | AM12: A38 Pedro Varela Sabando *Comandante en Jefe del Ejército | AN12: A39 Marcelo Araya Zapata *General Director de Carabineros de Chile | AO12: A40 Rodolfo Codina Díaz Ex - Comandante en Jefe de la Armada | AP12: A41 Leonardo Romanini Gutiérrez Jefe del Estado Mayor Conjunto de las Fuerzas Armadas | AQ12: A42 Jorge Flies Añon Gobernador Región de Magallanes | AR12: A43 Pedro Araya Guerrero Comisión de Defensa Nacional | AS12: A44 Gastón Saavedra Chandía Comisión de Defensa Nacional | AT12: A45 Enrique Van Rysselberghe Herrera Circunscripción 10 Región Biobío
A13: FILA B | B13: B1 José Pablo Gómez Dirección de Presupuesto | C13: B2 Carla Coronado Asesora Ministerio Consejo Directivo de Construcción Naval | D13: B3 Elizabeth Zapata González Directora Desarrollo Tecnológico Corfo y Directora Ejecutiva Comité de Construcción Naval | E13: B4 Catalina Ugarte Millán Jefe Gabinete Precidencial | F13: B5 Rafael Araos Bralic Subsecretaria de Ciencia, Tecnología, Conocimiento e Innovación | G13: B6 Rodrigo Álvarez Aguirre *Subsecretario de Defensa | H13: B7 Cristóbal Urruticoechea Ríos Diputado Distrito 21 | I13: B8 Joanna Pérez Olea Diputado Distrito 21 | J13: B9 José Rivas Villalobos Diputado Distrito 20 | K13: B10 Álvaro Ortíz Vera Diputado Distrito 20 | L13: B11 Paz Charpentier Rajcevich Diputado Distrito 20 | M13: B12 Roberto Arroyo Muñoz Diputado Distrito 20 | N13: B13 Consuelo Veloso Ávila Comisión de Futuro, Ciencia, Tecnología, Conocimiento e Innovación | O13: B14 Diego Schalper Sepúlveda Comisión de Futuro, Ciencia, Tecnología, Conocimiento e Innovación | P13: B15 José Montalva Feuerhake Comisión de Futuro, Ciencia, Tecnología, Conocimiento e Innovación | Q13: B16 Patricio Briones Moller Diputado Distrito 20 | R13: B17 Daniel Valenzuela Salazar Integrante de la Comisión de Defensa Nacional | S13: B18 Omar Sabat Guzmán Integrante de la Comisión de Defensa Nacional | T13: B19 Hans Marowski Cuevas Integrante de la Comisión de Defensa Nacional | U13: B20 Jorge Brito Hasbún Integrante de la Comisión de Defensa Nacional | V13: B21 Álvaro Carter Fernández Presidente de la Comisión de Defensa Nacional | W13: B22 Gustavo Sanhueza Dueñas Circunsripción Zona Ñuble | X13: B23 Alfonso De Urresti Longton Senador de la República | Y13: B24 Loreto Carvajal Ambiado Circunsripción Zona Ñuble | Z13: B25 Marcos Barraza Gómez Integrante de la Comisión de Defensa Nacional | AA13: B26 Carlos Cuadrado Prats Integrante de la Comisión de Defensa Nacional | AB13: B27 Javier Olivares Avendaño Integrante de la Comisión de Defensa Nacional | AC13: B28 Luis Sánchez Ossa Integrante de la Comisión de Defensa Nacional | AD13: B29 Daniel Manouchehri Lobos Presidente Comisión de Futuro, Ciencia, Tecnología, Conocimiento e Innovación | AE13: B30 Cristóbal Martínez Ramírez Comisión de Futuro, Ciencia, Tecnología, Conocimiento e Innovación | AF13: B31 Cristian Neira Martínez Comisión de Futuro, Ciencia, Tecnología, Conocimiento e Innovación | AG13: B32 Daniela Serrano Salazar Comisión de Futuro, Ciencia, Tecnología, Conocimiento e Innovación | AH13: B33 Gael Yeomans Araya Comisión de Futuro, Ciencia, Tecnología, Conocimiento e Innovación | AI13: B34 Sergio Bobadilla Muñoz Diputado Distrito 20 | AJ13: B35 Francesca Muñoz González Diputado Distrito 20 | AK13: B36 Marlene Pérez Cartes Diputado Distrito 20 | AL13: B37 Lilian Betancurt Delgado Diputado Distrito 21 | AM13: B38 Patricio Pinilla Valencia Diputado Distrito 21 | AN13: B39 Flor Weisse Novoa Diputado Distrito 21 | AO13: B40 Christian Bolívar Romero *Subsecretario de las Fuerzas Armadas | AP13: B41 Julio Cacho Morán *Jefe del Estado Mayor de la Armada de Perú | AQ13: B42 José Ignacio Mujica Castro Vicepresidente Corfo | AR13: B43 Santiago Browne Hurtado Gerente de Asuntos Estratégicos (s) de Corfo | AS13: B44 Fernando Hentzschel Gerente de Capacidades Tecnológicas Consejo Directivo de Construcción Naval | AT13: B45 José Ignacio Llodrá Vial Subdirector de Racionalización y Función Pública
A14: FILA C | B14: C1 Raúl Zamorano Goñi Jefe del Estado Mayor General de la Armada | C14: C2 Claudia Chamorro Contreras Jefe VIII Región Policial Bío Bío | D14: C3 Oscar Rivera Marin Director Regional de Obras Portuarias | E14: C4 Claudio Andrade Otarola Director Regional de la Agencia Nacional de Inteligencia | F14: C5 Pablo Zavala Fernández Presidente de la Ilustrísima Corte de Apelaciones de Concepción | G14: C6 Claudio Radonich Jiménez Alcalde de Punta Arenas | H14: C7 Carla Amtmann Fecci Alcaldesa de Valdivia | I14: C8 Miguel Rivera Morales Alcalde Ilustre Municipalidad de Hualpén | J14: C9 Rafael Cabrera Osorio Cmdte. Apoyo a la Fuerza del Ejército | K14: C10 Claudio Bunster Weitzmann Director Centro Estudios Cientificos CECs | L14: C11 Jorge Pires Superintendente del Material Armada de Portugal | M14: C12 Henry Cleveland Cartes Director Ejecutivo ENAER | N14: C13 Mario Farren Risopatrón Presidente Banco Estado | O14: C14 Pedro Ramirez Glade Seremi de Ciencia, Tecnologías, Conocimidento e Innovación | P14: C15 Vladimir Recabarren Esparza Capellán Nacional Evangélico de la Armada | Q14: C16 Constanza Pérez Asesora Económica MINDEF | R14: C17 Francisco Alcorta Asesor politico estrategico MINDEF | S14: C18 Vicente Leiva Larrañaga Hijo Madrina | T14: C19 Matias Pérez Cruz Gerenete Perezcruz | U14: C20 Constanza Leiva Larrañaga T2 RNY | V14: C21 Pablo Lira Jefe Gabinete Subsecretario de Defensa | W14: C22 Javier Coopman Corral Jefe Gabinete Ministro de Defensa | X14: C23 Andrés López Lara Director Instituto Antártico Chileno | Y14: C24 Bárbara Carvajal Madariaga Jefa de Gabinete Subsecretario para las FF.AA. | Z14: C25 Alejandro Irarrázabal Alfonso Jefe Asesor Presidencial | AA14: C26 Marcela Paz Leiva Larrañaga Hija Madrina | AB14: C27 Eugenio Cornejo Locroix Presidente Mutual de Seguros de Chile | AC14: C28 Cecy Sirena Quijada Pérez Esposa del Jefe estado mayor de la Armada de Perú. | AD14: C29 Sebastian Jerez Gerente General Farmacia Cruz Verde | AE14: C30 José Fernando Jarpa Parada Jefe del Servicio Religioso de la Armada | AF14: C31 José Eduardo Piña Faúndez Seremi Obras Públicas | AG14: C32 Ronald Ruf Wilkomirsky Seremi de Hacienda | AH14: C33 Katherine Ampuero Martínez Directora Regional Aduana de Talcahuano | AI14: C34 Álvaro Vera Soto Director FAMAE | AJ14: C35 Joao Costa Director de los Navios Armada de Portugal | AK14: C36 Gino Casassa Rogazinski Director del INACH | AL14: C37 Héctor Muñoz Uribe Alcalde Ilustre Municipalidad de Concepción | AM14: C38 Eduardo Saavedra Bustos Alcalde Ilustre Municipalidad de Talcahuano | AN14: C39 Rodrigo Wainraight Galilea Alcalde de Puerto Montt | AO14: C40 María Soledad Tapia Almonacid Director Nacional Servicio Nacional de Pesca y Acuicultura SERNAPESCA | AP14: C41 Marcela Cartagena Ramos Fiscal Regional de Concepción | AQ14: C42 Alvaro Ananías Itaim Presidernte de la Cámara de Producción y Comercio del Bio Bio | AR14: C43 Carlos Basáez Valdebenito Contralor Regional Bio Bio | AS14: C44 Renzo Miccono Villablanca Jefe VIII Zona de Carabineros BIOBÍO | AT14: C45 Mauricio Arenas Menares Directo General del Personal de la Armada
A15: FILA D | B15: D1 Cristian Lara Valenzuela Director Universidad Técnica Federico Santa María Sede Concepción | C15: D2 Rene Valenzuea Azócar Secretario General de la Armada | D15: D3 Alejandro Torres Horton SUBMAYOR Consejo Superior ASMAR | E15: D4 Claudio Muñoz Cabrera Contralor de la Armada | F15: D5 Daniel Opazo Riquelme *Comandante General del Cuerpo de Infantería de Marina | G15: D6 Federico Saelzer Concha *Comandante en Jefe de la Fuerza de Submarinos | H15: D7 José Agustín Pájaro Márquez Director de Operaciones del Estado Mayor General de la Armada | I15: D8 José Miguel Hernández Jacir Director de Astilleros y Maestranzas de la Armada | J15: D9 Juan Pablo Marín Fernández Subjefe del Estado Mayor Conjunto | K15: D10 César Delgado Boffil Director General de los Servicios de la Armada | L15: D11 RESERVADO | M15: D12 RESERVADO | N15: D13 RESERVADO | O15: D14 RESERVADO | P15: D15 RESERVADO | Q15: D16 RESERVADO | R15: D17 RESERVADO | S15: D18 SIN SILLA | T15: D19 SIN SILLA | U15: D20 SIN SILLA | V15: D21 SIN SILLA | W15: D22 SIN SILLA | X15: D23 SIN SILLA | Y15: D24 SIN SILLA | Z15: D25 SIN SILLA | AA15: D26 SIN SILLA | AB15: D27 SIN SILLA | AC15: D28 RESERVADO | AD15: D29 RESERVADO | AE15: D30 RESERVADO | AF15: D31 RESERVADO | AG15: D32 RESERVADO | AH15: D33 RESERVADO | AI15: D34 RESERVADO | AJ15: D35 RESERVADO | AK15: D36 Arturo Oxley Lizana Director General del Territorio Marítimo y de Marina Mercante | AL15: D37 Daniel Muñoz Miranda *Comandante de Operaciones Navales | AM15: D38 Oscar Manzano Sanguineti Director de Recuperaciones de Unidades de la Armada | AN15: D39 Edgardo Acevedo Pérez *Comandante en Jefe de la Segunda Zona Naval | AO15: D40 Claudia Arrieta Figueroa Esposa Comandante en Jefe de la Fuerza de Submarinos | AP15: D41 Alberto Guerrero García Director de Programas, Investigación y Desarrollo de la Armada | AQ15: D42 Marcel Fort Santander Director de finanzaas de la Armada. | AR15: D43 J. Cristobal Mendez Tapia DIRISNAV Consejo Superior ASMAR | AS15: D44 Jorge Vidal Berrocal DABA Consejo Superior ASMAR | AT15: D45 Thomas Klischies Nevermann Director DUOC UC Sede San Andrés de Concepción

Sheet LISTADO VIP
A1: LISTADO VIP
A2: Listado completo ordenado por precedencia; la distribución se visualiza en la pestaña DISTRIBUCION VIP.
A4: ASIENTO | B4: PRECEDENCIA | C4: N° | D4: FUENTE | E4: TRIBUNA | F4: AST. | G4: TRATAMIENTO | H4: NOMBRE COMPLETO | I4: CARGO | J4: FILA MAESTRO
A5: A23 | B5: 1 | C5: 1 | D5: OPA | E5: VIP | F5: SI | G5: Su Excelencia | H5: José Antonio Kast Rist | I5: * Presidente de la República | J5: 2
A6: A22 | B6: 2 | C6: 2 | D6: OPA | E6: VIP | F6: SI | G6: Primera Dama | H6: María Pía Adriasola Barroihet | I6: Esposa del Presidente de la República | J6: 3
A7: A24 | B7: 3 | C7: 3 | D7: OPA | E7: VIP | F7: SI | G7: Ministro | H7: Fernando Barros Tocornal | I7: *Ministro de Defensa Nacional | J7: 4
A8: A21 | B8: 4 | C8: 4 | D8: OPA | E8: VIP | F8: SI | G8: Almirante | H8: Fernando Cabrera Salazar | I8: *Comandante en Jefe de la Armada | J8: 5
A9: A25 | B9: 5 | C9: 5 | D9: OPA | E9: VIP | F9: SI | G9: Señora | H9: Roxana Mery Casella | I9: Esposa del Comandante en Jefe de la Armada | J9: 6
A10: A20 | B10: 6 | C10: 6 | D10: OPA | E10: VIP | F10: PENDIENTE | G10: Señora | H10: María Cecilia Morel Montes | I10: Ex - Primera Dama | J10: 7
A11: A26 | B11: 7 | C11: 7 | D11: OPA | E11: VIP | F11: SI | G11: Honorable Senador | H11: Iván Moreira Barros | I11: *Presidenta del Senado (Representante). | J11: 8
A12: A19 | B12: 9 | C12: 9 | D12: OPA | E12: VIP | F12: PENDIENTE | G12: Su Excelencia | H12: Gabriel Boric Font | I12: Ex Presidente de la República | J12: 10
A13: A27 | B13: 10 | C13: 10 | D13: OPA | E13: VIP | F13: PENDIENTE | H13: Michelle Bachelet Jeria | I13: Ex Presidenta de la República | J13: 11
A14: A18 | B14: 11 | C14: 11 | D14: OPA | E14: VIP | F14: PENDIENTE | G14: Su Excelencia | H14: Ricardo Lagos Escobar | I14: Ex Presidente de la República | J14: 12
A15: A28 | B15: 12 | C15: 12 | D15: OPA | E15: VIP | F15: PENDIENTE | G15: Su Excelencia | H15: Eduardo Frei Ruiz-tagle | I15: Ex Presidente de la República | J15: 13
A16: A17 | B16: 16 | C16: 16 | D16: OPA | E16: VIP | F16: PENDIENTE | G16: Ministro | H16: Claudio Alvarado Andrade | I16: Biministro del Interior y Secretario General de Gobierno | J16: 17
A17: A29 | B17: 22 | C17: 22 | D17: OPA | E17: VIP | F17: PENDIENTE | G17: Ministro | H17: Catalina Parot Donoso | I17: Ministra de Bienes Nacionales | J17: 23
A18: A16 | B18: 25 | C18: 25 | D18: OPA | E18: VIP | F18: PENDIENTE | G18: Ministro | H18: Francisco Undurruga Gazitúa | I18: Ministro de las Culturas, las Artes y el Patrimonio | J18: 26
A19: A30 | B19: 28 | C19: 28 | D19: OPA | E19: VIP | F19: PENDIENTE | G19: Ministro | H19: Maya Fernández Allende | I19: Ex Ministra de Defensa Nacional | J19: 29
A20: A15 | B20: 29 | C20: 29 | D20: OPA | E20: VIP | F20: PENDIENTE | G20: Ministro | H20: Adriana Delpiano Puelma | I20: Ex Ministra de Defensa Nacional | J20: 30
A21: A31 | B21: 32 | C21: 32 | D21: OPA | E21: VIP | F21: PENDIENTE | G21: Excelentísima | H21: Niu Qingbao | I21: Embajador de la República Popular China en Chile | J21: 33
A22: A14 | B22: 33 | C22: 33 | D22: OPA | E22: VIP | F22: PENDIENTE | G22: Excelentísima | H22: Johanna Kotkajarvi | I22: Embajadora de Finlandia en Chile | J22: 34
A23: A32 | B23: 34 | C23: 34 | D23: OPA | E23: VIP | F23: PENDIENTE | G23: Excelentísima | H23: Valeria Biagiotti | I23: Embajadora de Italia en Chile | J23: 35
A24: A13 | B24: 38 | C24: 38 | D24: OPA | E24: VIP | F24: PENDIENTE | G24: Excelentísima | H24: Andrew James Barrit Martin | I24: Embajador de Australia en Chile | J24: 39
A25: A33 | B25: 41 | C25: 41 | D25: OPA | E25: VIP | F25: SI | G25: Excelentísima | H25: Ahmet Ihsan Kiziltan | I25: Embajadora de Turquia en Chile | J25: 42
... A86: B41 | B86: 131 | C86: 131 | D86: OPA | E86: VIP | F86: SI | G86: Vicealmirante | H86: Julio Cacho Morán | I86: *Jefe del Estado Mayor de la Armada de Perú | J86: 132
A87: B4 | B87: 134 | C87: 134 | D87: OPA | E87: VIP | F87: PENDIENTE | H87: Catalina Ugarte Millán | I87: Jefe Gabinete Precidencial | J87: 135
A88: B42 | B88: 135 | C88: 135 | D88: OPA | E88: VIP | F88: SI | G88: Presidente | H88: José Ignacio Mujica Castro | I88: Vicepresidente Corfo | J88: 136
A89: B3 | B89: 136 | C89: 136 | D89: OPA | E89: VIP | F89: SI | G89: Señor | H89: Elizabeth Zapata González | I89: Directora Desarrollo Tecnológico Corfo y Directora Ejecutiva Comité de Construcción Naval | J89: 137
A90: B43 | B90: 137 | C90: 137 | D90: OPA | E90: VIP | F90: SI | H90: Santiago Browne Hurtado | I90: Gerente de Asuntos Estratégicos (s) de Corfo | J90: 138
A91: B2 | B91: 140 | C91: 140 | D91: OPA | E91: VIP | F91: PENDIENTE | H91: Carla Coronado | I91: Asesora Ministerio Consejo Directivo de Construcción Naval | J91: 141
A92: B44 | B92: 141 | C92: 141 | D92: OPA | E92: VIP | F92: PENDIENTE | H92: Fernando Hentzschel | I92: Gerente de Capacidades Tecnológicas Consejo Directivo de Construcción Naval | J92: 142
A93: B1 | B93: 145 | C93: 145 | D93: OPA | E93: VIP | F93: PENDIENTE | H93: José Pablo Gómez | I93: Dirección de Presupuesto | J93: 146
A94: B45 | B94: 146 | C94: 146 | D94: OPA | E94: VIP | F94: PENDIENTE | G94: Señor | H94: José Ignacio Llodrá Vial | I94: Subdirector de Racionalización y Función Pública | J94: 147
A95: C23 | B95: 147 | C95: 147 | D95: OPA | E95: VIP | F95: PENDIENTE | G95: Señor | H95: Andrés López Lara | I95: Director Instituto Antártico Chileno | J95: 148
A96: C22 | B96: 153 | C96: 153 | D96: OPA | E96: VIP | F96: PENDIENTE | G96: Ministro | H96: Javier Coopman Corral | I96: Jefe Gabinete Ministro de Defensa | J96: 154
A97: C24 | B97: 154 | C97: 154 | D97: OPA | E97: VIP | F97: PENDIENTE | G97: Subsecretario | H97: Bárbara Carvajal Madariaga | I97: Jefa de Gabinete Subsecretario para las FF.AA. | J97: 155
A98: C21 | B98: 155 | C98: 155 | D98: OPA | E98: VIP | F98: PENDIENTE | G98: Subsecretario | H98: Pablo Lira | I98: Jefe Gabinete Subsecretario de Defensa | J98: 156
A99: C25 | B99: 157 | C99: 157 | D99: OPA | E99: VIP | F99: PENDIENTE | H99: Alejandro Irarrázabal Alfonso | I99: Jefe Asesor Presidencial | J99: 158
A100: C20 | B100: 158 | C100: 158 | D100: OPA | E100: VIP | F100: SI | H100: Constanza Leiva Larrañaga | I100: T2 RNY | J100: 159
A101: C26 | B101: 159 | C101: 159 | D101: OPA | E101: VIP | F101: SI | H101: Marcela Paz Leiva Larrañaga | I101: Hija Madrina | J101: 160
A102: C19 | B102: 160 | C102: 160 | D102: OPA | E102: VIP | F102: SI | H102: Matias Pérez Cruz | I102: Gerenete Perezcruz | J102: 161
A103: C27 | B103: 163 | C103: 163 | D103: OPA | E103: VIP | F103: SI | G103: Señor | H103: Eugenio Cornejo Locroix | I103: Presidente Mutual de Seguros de Chile | J103: 164
A104: C18 | B104: 164 | C104: 164 | D104: OPA | E104: VIP | F104: SI | G104: Señor | H104: Vicente Leiva Larrañaga | I104: Hijo Madrina | J104: 165
A105: C28 | B105: 167 | C105: 167 | D105: OPA | E105: VIP | F105: SI | G105: Señora | H105: Cecy Sirena Quijada Pérez | I105: Esposa del Jefe estado mayor de la Armada de Perú. | J105: 168
A106: C17 | B106: 168 | C106: 168 | D106: OPA | E106: VIP | F106: PENDIENTE | G106: Señor | H106: Francisco Alcorta | I106: Asesor politico estrategico MINDEF | J106: 169
A107: C29 | B107: 170 | C107: 170 | D107: OPA | E107: VIP | F107: PENDIENTE | G107: Señor | H107: Sebastian Jerez | I107: Gerente General Farmacia Cruz Verde | J107: 171
A108: C16 | B108: 177 | C108: 177 | D108: OPA | E108: VIP | F108: PENDIENTE | G108: Señora | H108: Constanza Pérez | I108: Asesora Económica MINDEF | J108: 178
A109: C30 | B109: 178 | C109: 178 | D109: OPA/ASMAR | E109: VIP | F109: SI | G109: Capitán de Navío RL | H109: José Fernando Jarpa Parada | I109: Jefe del Servicio Religioso de la Armada | J109: 179
A110: C15 | B110: 179 | C110: 179 | D110: OPA/ASMAR | E110: VIP | F110: SI | G110: Capellán Evangélico | H110: Vladimir Recabarren Esparza | I110: Capellán Nacional Evangélico de la Armada | J110: 180
A111: C31 | B111: 181 | C111: 181 | D111: OPA/ASMAR | E111: VIP | F111: PENDIENTE | G111: Seremi | H111: José Eduardo Piña Faúndez | I111: Seremi Obras Públicas | J111: 182
A112: C14 | B112: 182 | C112: 182 | D112: OPA/ASMAR | E112: VIP | F112: SI | G112: Seremi | H112: Pedro Ramirez Glade | I112: Seremi de Ciencia, Tecnologías, Conocimidento e Innovación | J112: 183
A113: C32 | B113: 184 | C113: 184 | D113: OPA/ASMAR | E113: VIP | F113: SI | G113: Seremi | H113: Ronald Ruf Wilkomirsky | I113: Seremi de Hacienda | J113: 185
A114: C13 | B114: 185 | C114: 185 | D114: OPA/ASMAR | E114: VIP | F114: PENDIENTE | G114: BANCOS | H114: Mario Farren Risopatrón | I114: Presidente Banco Estado | J114: 186
... A130: C5 | B130: 204 | C130: 204 | D130: OPA/CIVILES | E130: VIP | F130: SI | G130: Presidente | H130: Pablo Zavala Fernández | I130: Presidente de la Ilustrísima Corte de Apelaciones de Concepción | J130: 205
A131: C41 | B131: 205 | C131: 205 | D131: OPA/CIVILES | E131: VIP | F131: SI | H131: Marcela Cartagena Ramos | I131: Fiscal Regional de Concepción | J131: 206
A132: C4 | B132: 206 | C132: 206 | D132: OPA/CIVILES | E132: VIP | F132: SI | H132: Claudio Andrade Otarola | I132: Director Regional de la Agencia Nacional de Inteligencia | J132: 207
A133: C42 | B133: 207 | C133: 207 | D133: OPA/CIVILES | E133: VIP | F133: SI | H133: Alvaro Ananías Itaim | I133: Presidernte de la Cámara de Producción y Comercio del Bio Bio | J133: 208
A134: C3 | B134: 208 | C134: 208 | D134: OPA/CIVILES | E134: VIP | F134: PENDIENTE | H134: Oscar Rivera Marin | I134: Director Regional de Obras Portuarias | J134: 209
A135: C43 | B135: 209 | C135: 209 | D135: OPA/CIVILES | E135: VIP | F135: SI | H135: Carlos Basáez Valdebenito | I135: Contralor Regional Bio Bio | J135: 210
A136: C2 | B136: 210 | C136: 210 | D136: OPA/CIVILES | E136: VIP | F136: SI | H136: Claudia Chamorro Contreras | I136: Jefe VIII Región Policial Bío Bío | J136: 211
A137: C44 | B137: 211 | C137: 211 | D137: OPA/MILITAR | E137: VIP | F137: SI | G137: General | H137: Renzo Miccono Villablanca | I137: Jefe VIII Zona de Carabineros BIOBÍO | J137: 212
A138: C1 | B138: 213 | C138: 213 | D138: OPA/MILITAR | E138: VIP | F138: SI | G138: Vicealmirante | H138: Raúl Zamorano Goñi | I138: Jefe del Estado Mayor General de la Armada | J138: 214
A139: C45 | B139: 214 | C139: 214 | D139: OPA/MILITAR | E139: VIP | F139: SI | G139: Vicealmirante | H139: Mauricio Arenas Menares | I139: Directo General del Personal de la Armada | J139: 215
A140: D10 | B140: 215 | C140: 215 | D140: OPA/MILITAR | E140: VIP | F140: SI | G140: Vicealmirante | H140: César Delgado Boffil | I140: Director General de los Servicios de la Armada | J140: 216
A141: D36 | B141: 216 | C141: 216 | D141: OPA/MILITAR | E141: VIP | F141: SI | G141: Vicealmirante | H141: Arturo Oxley Lizana | I141: Director General del Territorio Marítimo y de Marina Mercante | J141: 217
A142: D9 | B142: 217 | C142: 217 | D142: OPA/MILITAR | E142: VIP | F142: SI | G142: Vicealmirante | H142: Juan Pablo Marín Fernández | I142: Subjefe del Estado Mayor Conjunto | J142: 218
A143: D37 | B143: 218 | C143: 218 | D143: OPA/MILITAR | E143: VIP | F143: SI | G143: Vicealmirante | H143: Daniel Muñoz Miranda | I143: *Comandante de Operaciones Navales | J143: 219
A144: D8 | B144: 219 | C144: 219 | D144: OPA/MILITAR | E144: VIP | F144: SI | G144: Contraalmirante | H144: José Miguel Hernández Jacir | I144: Director de Astilleros y Maestranzas de la Armada | J144: 220
A145: D38 | B145: 220 | C145: 220 | D145: OPA/MILITAR | E145: VIP | F145: SI | G145: Contraalmirante | H145: Oscar Manzano Sanguineti | I145: Director de Recuperaciones de Unidades de la Armada | J145: 221
A146: D7 | B146: 221 | C146: 221 | D146: OPA/MILITAR | E146: VIP | F146: SI | G146: Contraalmirante | H146: José Agustín Pájaro Márquez | I146: Director de Operaciones del Estado Mayor General de la Armada | J146: 222
A147: D39 | B147: 222 | C147: 222 | D147: OPA/MILITAR | E147: VIP | F147: SI | G147: Contraalmirante | H147: Edgardo Acevedo Pérez | I147: *Comandante en Jefe de la Segunda Zona Naval | J147: 223
A148: D6 | B148: 223 | C148: 223 | D148: OPA/MILITAR | E148: VIP | F148: SI | G148: Contraalmirante | H148: Federico Saelzer Concha | I148: *Comandante en Jefe de la Fuerza de Submarinos | J148: 224
... A170: PENDIENTE POR ASIGNAR | B170: 259 | C170: 259 | D170: MADRINA | E170: VIP | F170: PENDIENTE | G170: Presidente | H170: Holger Paulmann | I170: Presidente ICARE | J170: 260
A171: PENDIENTE POR ASIGNAR | B171: 260 | C171: 260 | D171: MADRINA | E171: VIP | F171: PENDIENTE | H171: Mónica Álvarez P. | I171: Vicepresidenta ICARE | J171: 261
A172: PENDIENTE POR ASIGNAR | B172: 261 | C172: 261 | D172: MADRINA | E172: VIP | F172: PENDIENTE | G172: Rector | H172: Renzo Corona S. | I172: Director Tesorero ICARE | J172: 262
A173: PENDIENTE POR ASIGNAR | B173: 287 | C173: 287 | D173: INVITADOS DGSA | E173: VIP | F173: PENDIENTE | G173: Rector | H173: Joaquin Dagá Kunze | I173: Director General de Obras Públicas | J173: 288
A174: PENDIENTE POR ASIGNAR | B174: 292 | C174: 292 | D174: INVITADOS DGSA | E174: VIP | F174: PENDIENTE | G174: Capitán de Fragata | H174: Nelson Morais | I174: MFG PoN Program Office representative Armada de Portugal | J174: 293
A175: PENDIENTE POR ASIGNAR | B175: 299 | C175: 299 | D175: INVITADOS DGSA | E175: VIP | F175: SI | H175: David Gonzalez Lorenzo | I175: Gerente General Puerto Huachipato | J175: 300
A176: PENDIENTE POR ASIGNAR | B176: 303 | C176: 303 | D176: CIVILES | E176: VIP | F176: SI | G176: Señor | H176: Gonzalo Tampier Brockhaus | I176: Director de Desarrrollo e Innovación Universidad Austral - Comité CORFO | J176: 304
A177: PENDIENTE POR ASIGNAR | B177: 316 | C177: 316 | D177: MILITARES | E177: VIP | F177: SI | G177: Capitán de Navío | H177: Alessandro Pulleghini Flores | I177: Edecán SEPRE | J177: 317
A178: PENDIENTE POR ASIGNAR | B178: 317 | C178: 317 | D178: MILITARES | E178: VIP | F178: SI | G178: Capitán de Fragata | H178: Pablo Berg Aldoney | I178: AYUDORALM | J178: 318
A179: PENDIENTE POR ASIGNAR | B179: 318 | C179: 318 | D179: MILITARES | E179: VIP | F179: SI | G179: Capitán de NavÍo IM | H179: César Negrete Cristi | I179: Oficial Enlace Armada de las SSFFAA | J179: 319
A180: PENDIENTE POR ASIGNAR | B180: 319 | C180: 319 | D180: MILITARES | E180: VIP | F180: SI | G180: Capitán de Navío | H180: Christian Marambio Taylor | I180: Edecan Presidente del Senado | J180: 320
A181: PENDIENTE POR ASIGNAR | B181: 320 | C181: 320 | D181: MILITARES | E181: VIP | F181: SI | G181: Capitán de Fragata | H181: Joaquín Opazo Rojas | I181: Ayudor MINDEF | J181: 321
A182: PENDIENTE POR ASIGNAR | B182: 321 | C182: 321 | D182: MILITARES | E182: VIP | F182: SI | G182: Capitán de Fragata | H182: Luis González Otero | I182: Ayudor VA peruano | J182: 322
A183: PENDIENTE POR ASIGNAR | B183: 343 | C183: 343 | D183: MILITARES | E183: VIP | F183: PENDIENTE | G183: Contraalmirante | H183: Victor Pasquel Meléndez | I183: Agregado Naval de México | J183: 344
A184: PENDIENTE POR ASIGNAR | B184: 398 | C184: 398 | D184: INVITADOS ASMAR | E184: VIP | F184: SI | G184: Señora | H184: Karen Krakman | I184: Consul Países Bajos Concepción | J184: 399
A185: PENDIENTE POR ASIGNAR | B185: 399 | C185: 399 | D185: INVITADOS ASMAR | E185: VIP | F185: PENDIENTE | G185: Presidente | H185: Alvaro Fisher | I185: Presidente del Consejo Nacional de Innovación para el Desarrollo (CNID) | J185: 400
A186: PENDIENTE POR ASIGNAR | B186: 400 | C186: 400 | D186: INVITADOS ASMAR | E186: VIP | F186: SI | H186: Marcelo Fuster Roa | I186: Gerente General Corporativo ASIMET A.G. - Comité CORFO | J186: 401
A187: PENDIENTE POR ASIGNAR | B187: 401 | C187: 401 | D187: INVITADOS ASMAR | E187: VIP | F187: SI | G187: Presidente | H187: Fernando García | I187: Presidente ASIMET A.G. | J187: 402
A188: PENDIENTE POR ASIGNAR | B188: 416 | C188: 416 | D188: INVITADOS ASMAR | E188: VIP | F188: PENDIENTE | G188: BANCOS | H188: Bernardo Matte Larraín | I188: Vicepresidente Banco BICE | J188: 417
A189: PENDIENTE POR ASIGNAR | B189: 429 | C189: 429 | D189: INVITADOS ASMAR | E189: VIP | F189: PENDIENTE | G189: SEGUROS | H189: Peter Foley | I189: Gerente General Lockton Seguros | J189: 430
A190: PENDIENTE POR ASIGNAR | B190: 431 | C190: 431 | D190: INVITADOS ASMAR | E190: VIP | F190: SI | G190: SEGUROS | H190: Patricio Martínez Fernández | I190: Gerente General Mutual de Seguros de Chile | J190: 432
A191: PENDIENTE POR ASIGNAR | B191: 435 | C191: 435 | D191: INVITADOS ASMAR | E191: VIP | F191: PENDIENTE | H191: Manuel Bagnara | I191: Gerente General en ARMASUR A.G. - Comité CORFO | J191: 436
A192: PENDIENTE POR ASIGNAR | B192: 443 | C192: 443 | D192: INVITADOS ASMAR | E192: VIP | F192: PENDIENTE | G192: Rector | H192: Jorge Sabag Villalobos | I192: Presidente Directorio EFE Sur | J192: 444
A193: PENDIENTE POR ASIGNAR | B193: 448 | C193: 448 | D193: INVITADOS ASMAR | E193: VIP | F193: SI | G193: Señora | H193: Milka Gavilán Ortiz | I193: Comité CORFO - Presidenta Sindicato ASMAR | J193: 449
A194: PENDIENTE POR ASIGNAR | B194: 459 | C194: 459 | D194: INVITADOS ASMAR | E194: VIP | F194: SI | H194: Rodrigo Silva | I194: Gerente General COOPEUCH | J194: 460
A195: PENDIENTE POR ASIGNAR | B195: 467 | C195: 467 | D195: INVITADOS ASMAR | E195: VIP | F195: PENDIENTE | H195: Tomás Zavala Mujica | I195: Gerente General Caja Los Andes | J195: 468
A196: PENDIENTE POR ASIGNAR | B196: 471 | C196: 471 | D196: INVITADOS ASMAR | E196: VIP | F196: SI | G196: Señor | H196: Carlos Cardoen Cornejo | I196: Invitado Especial Director ASMAR | J196: 472
A197: PENDIENTE POR ASIGNAR | B197: 472 | C197: 472 | D197: INVITADOS ASMAR | E197: VIP | F197: SI | G197: Señor | H197: Rodrigo Cardoen Aylwin | I197: Invitado Especial Director ASMAR | J197: 473
...

Sheet SIN ASIGNAR
A1: VIP PENDIENTE POR ASIGNAR
A2: Invitados VIP que no alcanzan asiento disponible.
A4: ASIENTO | B4: PRECEDENCIA | C4: N° | D4: FUENTE | E4: TRIBUNA | F4: AST. | G4: TRATAMIENTO | H4: NOMBRE COMPLETO | I4: CARGO
A5: PENDIENTE POR ASIGNAR | B5: 238 | C5: 238 | D5: ACADÉMICOS | E5: VIP | F5: PENDIENTE | G5: Rector | H5: Egon Montecinos Montecinos | I5: Rector Universidad Austral
A6: PENDIENTE POR ASIGNAR | B6: 240 | C6: 240 | D6: ACADÉMICOS | E6: VIP | F6: SI | G6: Rector | H6: Jacqueline Sepúlveda Carreño | I6: Rector Universidad de Concepción
A7: PENDIENTE POR ASIGNAR | B7: 242 | C7: 242 | D7: ACADÉMICOS | E7: VIP | F7: PENDIENTE | G7: Rector | H7: Benito Umaña Hermosilla | I7: Rector Universidad del Bío-Bío
A8: PENDIENTE POR ASIGNAR | B8: 245 | C8: 245 | D8: ACADÉMICOS | E8: VIP | F8: PENDIENTE | G8: Rector | H8: Roger Sepulveda Carrasco | I8: Rector Universidad Santo Tomás
A9: PENDIENTE POR ASIGNAR | B9: 246 | C9: 246 | D9: ACADÉMICOS | E9: VIP | F9: PENDIENTE | G9: Rector | H9: Federico Valdés Lafontaine | I9: Rector U.D.D. Sede Concepción
A10: PENDIENTE POR ASIGNAR | B10: 249 | C10: 249 | D10: ACADÉMICOS | E10: VIP | F10: PENDIENTE | G10: Rector | H10: Cristhian Mellado Cid | I10: Rector Universidad Católica de la Santísima Concepción
A11: PENDIENTE POR ASIGNAR | B11: 250 | C11: 250 | D11: ACADÉMICOS | E11: VIP | F11: PENDIENTE | G11: Rector | H11: Claudio Concha Navalón | I11: Vicerrector Universidad San Sebastián
A12: PENDIENTE POR ASIGNAR | B12: 252 | C12: 252 | D12: ACADÉMICOS | E12: VIP | F12: PENDIENTE | G12: Rector | H12: Henry Monks Ruiz | I12: Vicerrector Inacap
A13: PENDIENTE POR ASIGNAR | B13: 253 | C13: 253 | D13: ACADÉMICOS | E13: VIP | F13: PENDIENTE | G13: Rector | H13: Carlos Gonzälez Correa | I13: Vicerrector Universidad Andrés Bello
A14: PENDIENTE POR ASIGNAR | B14: 255 | C14: 255 | D14: ACADÉMICOS | E14: VIP | F14: SI | G14: Señora | H14: Paz Hormazábal Poblete | I14: Vicerrectora Universidad de Las Américas sede Concepción - Vicepresidenta CIDERE Biobio
A15: PENDIENTE POR ASIGNAR | B15: 259 | C15: 259 | D15: MADRINA | E15: VIP | F15: PENDIENTE | G15: Presidente | H15: Holger Paulmann | I15: Presidente ICARE
A16: PENDIENTE POR ASIGNAR | B16: 260 | C16: 260 | D16: MADRINA | E16: VIP | F16: PENDIENTE | H16: Mónica Álvarez P. | I16: Vicepresidenta ICARE
A17: PENDIENTE POR ASIGNAR | B17: 261 | C17: 261 | D17: MADRINA | E17: VIP | F17: PENDIENTE | G17: Rector | H17: Renzo Corona S. | I17: Director Tesorero ICARE
A18: PENDIENTE POR ASIGNAR | B18: 287 | C18: 287 | D18: INVITADOS DGSA | E18: VIP | F18: PENDIENTE | G18: Rector | H18: Joaquin Dagá Kunze | I18: Director General de Obras Públicas
A19: PENDIENTE POR ASIGNAR | B19: 292 | C19: 292 | D19: INVITADOS DGSA | E19: VIP | F19: PENDIENTE | G19: Capitán de Fragata | H19: Nelson Morais | I19: MFG PoN Program Office representative Armada de Portugal
A20: PENDIENTE POR ASIGNAR | B20: 299 | C20: 299 | D20: INVITADOS DGSA | E20: VIP | F20: SI | H20: David Gonzalez Lorenzo | I20: Gerente General Puerto Huachipato
A21: PENDIENTE POR ASIGNAR | B21: 303 | C21: 303 | D21: CIVILES | E21: VIP | F21: SI | G21: Señor | H21: Gonzalo Tampier Brockhaus | I21: Director de Desarrrollo e Innovación Universidad Austral - Comité CORFO
A22: PENDIENTE POR ASIGNAR | B22: 316 | C22: 316 | D22: MILITARES | E22: VIP | F22: SI | G22: Capitán de Navío | H22: Alessandro Pulleghini Flores | I22: Edecán SEPRE
A23: PENDIENTE POR ASIGNAR | B23: 317 | C23: 317 | D23: MILITARES | E23: VIP | F23: SI | G23: Capitán de Fragata | H23: Pablo Berg Aldoney | I23: AYUDORALM
A24: PENDIENTE POR ASIGNAR | B24: 318 | C24: 318 | D24: MILITARES | E24: VIP | F24: SI | G24: Capitán de NavÍo IM | H24: César Negrete Cristi | I24: Oficial Enlace Armada de las SSFFAA
A25: PENDIENTE POR ASIGNAR | B25: 319 | C25: 319 | D25: MILITARES | E25: VIP | F25: SI | G25: Capitán de Navío | H25: Christian Marambio Taylor | I25: Edecan Presidente del Senado
A26: PENDIENTE POR ASIGNAR | B26: 320 | C26: 320 | D26: MILITARES | E26: VIP | F26: SI | G26: Capitán de Fragata | H26: Joaquín Opazo Rojas | I26: Ayudor MINDEF
A27: PENDIENTE POR ASIGNAR | B27: 321 | C27: 321 | D27: MILITARES | E27: VIP | F27: SI | G27: Capitán de Fragata | H27: Luis González Otero | I27: Ayudor VA peruano
A28: PENDIENTE POR ASIGNAR | B28: 343 | C28: 343 | D28: MILITARES | E28: VIP | F28: PENDIENTE | G28: Contraalmirante | H28: Victor Pasquel Meléndez | I28: Agregado Naval de México
A29: PENDIENTE POR ASIGNAR | B29: 398 | C29: 398 | D29: INVITADOS ASMAR | E29: VIP | F29: SI | G29: Señora | H29: Karen Krakman | I29: Consul Países Bajos Concepción
A30: PENDIENTE POR ASIGNAR | B30: 399 | C30: 399 | D30: INVITADOS ASMAR | E30: VIP | F30: PENDIENTE | G30: Presidente | H30: Alvaro Fisher | I30: Presidente del Consejo Nacional de Innovación para el Desarrollo (CNID)
A31: PENDIENTE POR ASIGNAR | B31: 400 | C31: 400 | D31: INVITADOS ASMAR | E31: VIP | F31: SI | H31: Marcelo Fuster Roa | I31: Gerente General Corporativo ASIMET A.G. - Comité CORFO
A32: PENDIENTE POR ASIGNAR | B32: 401 | C32: 401 | D32: INVITADOS ASMAR | E32: VIP | F32: SI | G32: Presidente | H32: Fernando García | I32: Presidente ASIMET A.G.
A33: PENDIENTE POR ASIGNAR | B33: 416 | C33: 416 | D33: INVITADOS ASMAR | E33: VIP | F33: PENDIENTE | G33: BANCOS | H33: Bernardo Matte Larraín | I33: Vicepresidente Banco BICE
A34: PENDIENTE POR ASIGNAR | B34: 429 | C34: 429 | D34: INVITADOS ASMAR | E34: VIP | F34: PENDIENTE | G34: SEGUROS | H34: Peter Foley | I34: Gerente General Lockton Seguros
A35: PENDIENTE POR ASIGNAR | B35: 431 | C35: 431 | D35: INVITADOS ASMAR | E35: VIP | F35: SI | G35: SEGUROS | H35: Patricio Martínez Fernández | I35: Gerente General Mutual de Seguros de Chile
A36: PENDIENTE POR ASIGNAR | B36: 435 | C36: 435 | D36: INVITADOS ASMAR | E36: VIP | F36: PENDIENTE | H36: Manuel Bagnara | I36: Gerente General en ARMASUR A.G. - Comité CORFO
A37: PENDIENTE POR ASIGNAR | B37: 443 | C37: 443 | D37: INVITADOS ASMAR | E37: VIP | F37: PENDIENTE | G37: Rector | H37: Jorge Sabag Villalobos | I37: Presidente Directorio EFE Sur
A38: PENDIENTE POR ASIGNAR | B38: 448 | C38: 448 | D38: INVITADOS ASMAR | E38: VIP | F38: SI | G38: Señora | H38: Milka Gavilán Ortiz | I38: Comité CORFO - Presidenta Sindicato ASMAR
A39: PENDIENTE POR ASIGNAR | B39: 459 | C39: 459 | D39: INVITADOS ASMAR | E39: VIP | F39: SI | H39: Rodrigo Silva | I39: Gerente General COOPEUCH
A40: PENDIENTE POR ASIGNAR | B40: 467 | C40: 467 | D40: INVITADOS ASMAR | E40: VIP | F40: PENDIENTE | H40: Tomás Zavala Mujica | I40: Gerente General Caja Los Andes
A41: PENDIENTE POR ASIGNAR | B41: 471 | C41: 471 | D41: INVITADOS ASMAR | E41: VIP | F41: SI | G41: Señor | H41: Carlos Cardoen Cornejo | I41: Invitado Especial Director ASMAR
A42: PENDIENTE POR ASIGNAR | B42: 472 | C42: 472 | D42: INVITADOS ASMAR | E42: VIP | F42: SI | G42: Señor | H42: Rodrigo Cardoen Aylwin | I42: Invitado Especial Director ASMAR
A43: PENDIENTE POR ASIGNAR | B43: 486 | C43: 486 | D43: INVITADOS ASMAR | E43: VIP | F43: SI | H43: Cristian Vergara | I43: Gerente General ESSBIO
A44: PENDIENTE POR ASIGNAR | B44: 487 | C44: 487 | D44: INVITADOS ASMAR | E44: VIP | F44: PENDIENTE | H44: Peter Schmohl | I44: Gerente Zonal ESSBIO
A45: PENDIENTE POR ASIGNAR | B45: 488 | C45: 488 | D45: INVITADOS ASMAR | E45: VIP | F45: PENDIENTE | H45: David Fernández | I45: Gerente General CIDERE
A46: PENDIENTE POR ASIGNAR | B46: 489 | C46: 489 | D46: INVITADOS ASMAR | E46: VIP | F46: SI | G46: Señor | H46: Nelson Donoso | I46: Presidente IRADE
A47: PENDIENTE POR ASIGNAR | B47: 490 | C47: 490 | D47: INVITADOS ASMAR | E47: VIP | F47: SI | G47: Señora | H47: Bernardita Roa Astete | I47: Gerente General IRADE
A48: PENDIENTE POR ASIGNAR | B48: 507 | C48: 507 | D48: INVITADOS ASMAR | E48: VIP | F48: SI | G48: Señor | H48: Francisco Sotomayor | I48: CEO GL Events Chile
A49: PENDIENTE POR ASIGNAR | B49: 519 | C49: 519 | D49: PROVEEDORES | E49: VIP | F49: PENDIENTE | G49: Rector | H49: Hans Kossmann | I49: Presidente Directorio ASENAV
A50: PENDIENTE POR ASIGNAR | B50: 520 | C50: 520 | D50: PROVEEDORES | E50: VIP | F50: SI | H50: Fernando Rodríguez | I50: Gerente General ASENAV
A51: PENDIENTE POR ASIGNAR | B51: 524 | C51: 524 | D51: PROVEEDORES | E51: VIP | F51: SI | G51: Capitán de Navío (R) | H51: Francisco Hederra Pinto | I51: Gerente General SISDEF
A52: PENDIENTE POR ASIGNAR | B52: 532 | C52: 532 | D52: PROVEEDORES | E52: VIP | F52: SI | G52: Señor | H52: Jorge Mutschler Castillo | I52: Gerente General Sociedad Comercial Equipos Industriales S.A. INDUELECTRO
A53: PENDIENTE POR ASIGNAR | B53: 533 | C53: 533 | D53: PROVEEDORES | E53: VIP | F53: SI | H53: Roberta Mutschler | I53: Subgerente General Sociedad Comercial Equipos Industriales S.A. INDUELECTRO
A54: PENDIENTE POR ASIGNAR | B54: 535 | C54: 535 | D54: PROVEEDORES | E54: VIP | F54: SI | H54: José Luis Fauré Cañas | I54: Gerente General CODELPA S.A.
A55: PENDIENTE POR ASIGNAR | B55: 536 | C55: 536 | D55: PROVEEDORES | E55: VIP | F55: SI | H55: Pedro Iturriaga González | I55: Gerente General PROINGAS S.A.
A56: PENDIENTE POR ASIGNAR | B56: 538 | C56: 538 | D56: PROVEEDORES | E56: VIP | F56: SI | G56: Rector | H56: Roberto Rodriguez | I56: Director General IBERCISA DECK Machinery S.A.
A57: PENDIENTE POR ASIGNAR | B57: 540 | C57: 540 | D57: PROVEEDORES | E57: VIP | F57: SI | G57: Capitán de Navío (R) | H57: Sidney Chellew Daydi | I57: Gerente General SOCIBER
A58: PENDIENTE POR ASIGNAR | B58: 543 | C58: 543 | D58: PROVEEDORES | E58: VIP | F58: SI | H58: Gise Van Mourik | I58: Gerente Ventas, Wärtsilä Marine
A59: PENDIENTE POR ASIGNAR | B59: 548 | C59: 548 | D59: PROVEEDORES | E59: VIP | F59: PENDIENTE | H59: Iván Almendra | I59: Gerente Zona Sur B. Bosch
A60: PENDIENTE POR ASIGNAR | B60: 549 | C60: 549 | D60: PROVEEDORES | E60: VIP | F60: PENDIENTE | G60: Presidente | H60: Javier Gamundi Fernández | I60: Presidente FRIZONIA
A61: PENDIENTE POR ASIGNAR | B61: 550 | C61: 550 | D61: PROVEEDORES | E61: VIP | F61: SI | H61: Carlos González | I61: CEO FRIZONIA Regrigeración, climatización .S.L.
A62: PENDIENTE POR ASIGNAR | B62: 551 | C62: 551 | D62: PROVEEDORES | E62: VIP | F62: SI | G62: Presidente | H62: Patricio Fernández Goberna | I62: Presidente Industrias Ferri S.A.
A63: PENDIENTE POR ASIGNAR | B63: 555 | C63: 555 | D63: PROVEEDORES | E63: VIP | F63: PENDIENTE | H63: Daniel Sánchez de Pablo | I63: Executive Vicepresident SP Consultores y Servicios
A64: PENDIENTE POR ASIGNAR | B64: 556 | C64: 556 | D64: PROVEEDORES | E64: VIP | F64: PENDIENTE | H64: Antonio José Llago Hermida | I64: CEO GABADI
A65: PENDIENTE POR ASIGNAR | B65: 557 | C65: 557 | D65: PROVEEDORES | E65: VIP | F65: SI | H65: Pablo Guerrero Salgado | I65: COO GABADI
A66: PENDIENTE POR ASIGNAR | B66: 558 | C66: 558 | D66: PROVEEDORES | E66: VIP | F66: PENDIENTE | H66: Atle David Monsen | I66: Sales and marketing KONGSBERG MARITIME AS
A67: PENDIENTE POR ASIGNAR | B67: 559 | C67: 559 | D67: PROVEEDORES | E67: VIP | F67: PENDIENTE | H67: Ivan Danchev Ivanov | I67: Project Manager KONGSBERG MARITIME AS
A68: PENDIENTE POR ASIGNAR | B68: 560 | C68: 560 | D68: PROVEEDORES | E68: VIP | F68: PENDIENTE | H68: Benedetto Catanzato | I68: CEO MELCAL SpA
A69: PENDIENTE POR ASIGNAR | B69: 561 | C69: 561 | D69: PROVEEDORES | E69: VIP | F69: PENDIENTE | H69: Daniele Apolo | I69: Project Manager MELCAL SpA
A70: PENDIENTE POR ASIGNAR | B70: 562 | C70: 562 | D70: PROVEEDORES | E70: VIP | F70: PENDIENTE | H70: Björn Ullbro | I70: CEO de EVAC Group
A71: PENDIENTE POR ASIGNAR | B71: 563 | C71: 563 | D71: PROVEEDORES | E71: VIP | F71: PENDIENTE | H71: Li Chen | I71: Project Manager de EVAC Group
A72: PENDIENTE POR ASIGNAR | B72: 564 | C72: 564 | D72: PROVEEDORES | E72: VIP | F72: PENDIENTE | H72: Dirk Lange | I72: Senior Project Manager Damen Marine Components
A73: PENDIENTE POR ASIGNAR | B73: 566 | C73: 566 | D73: PROVEEDORES | E73: VIP | F73: PENDIENTE | H73: Tobias Zimmermann | I73: Technical Project Manager KARL DOSE GmbH
A74: PENDIENTE POR ASIGNAR | B74: 574 | C74: 574 | D74: PROVEEDORES | E74: VIP | F74: PENDIENTE | H74: Kai Hupka | I74: Project Manager MINIMAX Fire Solutions
... A76: PENDIENTE POR ASIGNAR | B76: 584 | C76: 584 | D76: PROVEEDORES | E76: VIP | F76: SI | H76: Felipe Howard | I76: Gerente General HUMBOLDT
A77: PENDIENTE POR ASIGNAR | B77: 586 | C77: 586 | D77: PROVEEDORES | E77: VIP | F77: PENDIENTE | G77: Rector | H77: Juan De La Cueva | I77: Director Comercial NAVANTIA
A78: PENDIENTE POR ASIGNAR | B78: 587 | C78: 587 | D78: PROVEEDORES | E78: VIP | F78: SI | G78: Almte. | H78: Javier Romero Caramelo | I78: Director de Gabinete Presidente- Líder de la Delegacion de NAVANTIA
A79: PENDIENTE POR ASIGNAR | B79: 588 | C79: 588 | D79: PROVEEDORES | E79: VIP | F79: PENDIENTE | H79: Aaron López | I79: Ex Country Manager NAVANTIA
A80: PENDIENTE POR ASIGNAR | B80: 589 | C80: 589 | D80: PROVEEDORES | E80: VIP | F80: PENDIENTE | G80: Presidente | H80: Ricardo Domínguez | I80: Presidente NAVANTIA
A81: PENDIENTE POR ASIGNAR | B81: 590 | C81: 590 | D81: PROVEEDORES | E81: VIP | F81: SI | G81: Presidente | H81: Eduardo Dobarro Rubido | I81: Vicepresidente Negocio de Fragatas y Buques de Intervención NAVANTIA
A82: PENDIENTE POR ASIGNAR | B82: 591 | C82: 591 | D82: PROVEEDORES | E82: VIP | F82: SI | G82: Rector | H82: Pablo Menéndez Gómez | I82: Director Comercial América, NAVANTIA
A83: PENDIENTE POR ASIGNAR | B83: 592 | C83: 592 | D83: PROVEEDORES | E83: VIP | F83: PENDIENTE | G83: Rector | H83: Gonzalo Mateo | I83: Director NAVANTIA
A84: PENDIENTE POR ASIGNAR | B84: 594 | C84: 594 | D84: PROVEEDORES | E84: VIP | F84: SI | G84: Rector | H84: Pablo Fernández | I84: Director Corporativo Grupo Fernandez Jove
A85: PENDIENTE POR ASIGNAR | B85: 596 | C85: 596 | D85: PROVEEDORES | E85: VIP | F85: PENDIENTE | H85: Federico Álvarez Ordoñez | I85: Gerente Comercial División Marina GHENOVA
A86: PENDIENTE POR ASIGNAR | B86: 599 | C86: 599 | D86: PROVEEDORES | E86: VIP | F86: PENDIENTE | H86: Héctor Bacigalupo Falcón | I86: Gerente General SONAPESCA
A87: PENDIENTE POR ASIGNAR | B87: 602 | C87: 602 | D87: ASMAR | E87: VIP | F87: SI | G87: Capitán de Navío | H87: Rafael Castillo Vallejos | I87: Admistrador ASMAR (T)
A88: PENDIENTE POR ASIGNAR | B88: 614 | C88: 614 | D88: ASMAR DIRECCIÓN | E88: VIP | F88: SI | G88: Vicealmirante | H88: Guillermo Luttges Mathieu | I88: Gerente Corporativo de Construcción Naval

Sheet LISTAS
A1: LISTAS Y PARÁMETROS
A3: ASISTENCIA | C3: TRIBUNAS | E3: FUENTES | G3: FUENTES OPA | I3: CAPACIDAD VIP
A4: SI | C4: VIP | E4: ACADÉMICOS | G4: OPA | I4: 149 asientos
A5: NO | C5: LATERAL VIP | E5: ASMAR | G5: OPA/ASMAR | I5: Centro A21
A6: PENDIENTE | C6: LATERAL | E6: ASMAR DIRECCIÓN | G6: OPA/CIVILES | I6: Solo tribuna VIP
E7: ASMARMAG | G7: OPA/DGSA
E8: ASMARTALC | G8: OPA/MILITAR
E9: ASMARVALP
E10: CIVILES
E11: INVITADOS ASMAR
E12: INVITADOS DGSA
E13: MADRINA
E14: MANDOS SEZONA
E15: MILITARES
E16: OPA
E17: OPA/ASMAR
E18: OPA/CIVILES
E19: OPA/DGSA
E20: OPA/MILITAR
... E22: PROVEEDORES
